Workbook
Name _Hlk88571830: 'Tab 5 Multi-annual targets '!#REF!
Name _Hlk95981819: 'Tab 5 Multi-annual targets '!#REF!
Name _Hlk96267063: 'Tab 5 Multi-annual targets '!#REF!
Name _Hlk96267083: 'Tab 5 Multi-annual targets '!#REF!
Name _Int_joejLXOw: 'Tab 5 Multi-annual targets '!#REF!
Name _Toc1343095740: 'Tab 5 Multi-annual targets '!#REF!
Name _Toc369500605: 'Tab 5 Multi-annual targets '!#REF!
Name _Toc512764507: 'Tab 5 Multi-annual targets '!#REF!
Name _Toc632574498: 'Tab 5 Multi-annual targets '!#REF!
Name _Toc872994150: 'Tab 5 Multi-annual targets '!#REF!
Name _Toc919062024: 'Tab 5 Multi-annual targets '!#REF!

Sheet Tab 1 Budget summary
B3: Table 1: Total budget MACP USD | E3: Table 5: Total Budget OF USD | G3: `
B4: Organization | C4: Total (2024-2027) | E4: Organization | F4: Total (2024-2027)
B5: UNHCR | C5: ='Tab 2 Programme Portfolio'!B135 -> 10018797 | E5: UNHCR | F5: =SUM(F15+F25) -> 0
B6: UNICEF (Total cost) | C6: =SUM(C16+C27+C36+C17) -> 15312998 | E6: UNICEF | F6: =SUM(F16+F26+F35) -> 0
B7: ILO | C7: =C18+C28+C37 -> 11804878 | E7: ILO | F7: =SUM(F17+F27+F36) -> 0
B8: World Bank | C8: =SUM(C19+C29) -> 16500000 | E8: World Bank | F8: =SUM(F18+F28) -> 0
B9: IFC | C9: =C20+C30 -> 9673405 | E9: IFC | F9: 0
B10: Total | C10: =SUM(C5:C9) -> 63310078 | E10: Total | F10: =SUM(F5:F9) -> 0
B13: Table 2: Total Activity Costs MACP USD | E13: Table 6: Total activity costs OF USD
B14: Organization | C14: Total (2024-2027) | E14: Organization | F14: Total (2024-2027)
B15: UNHCR | C15: ='Tab 2 Programme Portfolio'!B135 -> 10018797 | E15: UNHCR | F15: ='Tab 2 Programme Portfolio'!E135 -> 0
B16: UNICEF | C16: ='Tab 2 Programme Portfolio'!B136 -> 13196020 | E16: UNICEF | F16: ='Tab 2 Programme Portfolio'!E136 -> 0
B17: UNICEF (x-sectoral 6%) | C17: ='Tab 2 Programme Portfolio'!H128 -> 842299.2 | E17: ILO | F17: ='Tab 2 Programme Portfolio'!E137 -> 0
B18: ILO | C18: ='Tab 2 Programme Portfolio'!B137 -> 10343361 | E18: World Bank | F18: ='Tab 2 Programme Portfolio'!E138 -> 0
B19: World Bank | C19: ='Tab 2 Programme Portfolio'!B138 -> 16500000 | E19: IFC | F19: ='Tab 2 Programme Portfolio'!E139 -> 0
B20: IFC | C20: ='Tab 2 Programme Portfolio'!B139 -> 9673405 | E20: Total | F20: =SUM(F15:F19) -> 0
B21: Total | C21: =SUM(C15:C20) -> 60573882
E23: Table 7: Indirect recovery costs OF USD - optional
B24: Table 3: Indirect recovery costs MACP USD - optional | E24: Organization | F24: Total (2024-2027)
B25: Organization | C25: Total (2024-2027) | E25: UNHCR | F25: 0
B26: UNHCR | C26: =C15*6.5% -> 651221.81 | E26: UNICEF | F26: 0
B27: UNICEF | C27: =(C16+C17)*8% -> 1123065.5 | E27: ILO | F27: 0
B28: ILO | C28: 1344636.9 | E28: World Bank | F28: 0
B29: World Bank | C29: 0 | E29: IFC | F29: 0
B30: IFC | E30: Total | F30: =SUM(F25:F29) -> 0
B31: Total | C31: =SUM(C26:C30) -> 3118924.3
E33: Table 8: UN Levy costs OF USD
B34: Table 4: UN Levy costs MACP USD | E34: Organization | F34: Total (2024-2027)
B35: Organization | C35: Total (2024-2027) | E35: UNICEF | F35: 0
B36: UNICEF | C36: =(C16+C17+C27)*1% -> 151613.85 | E36: ILO | F36: 0
B37: ILO | C37: =(C18+C28)*1% -> 116879.98 | E37: Total | F37: =SUM(F35:F36) -> 0
B38: Total | C38: =SUM(C36:C37) -> 268493.82

Sheet Tab 2 Programme Portfolio
A1: Reference | B1: Title of Intervention | C1: Type of intervention | D1: MACP or OF | E1: Short description of Intervention | F1: Pillar | G1: Participating Partners (PROSPECTS only) | H1: UNICEF Budget (if applicable) | I1: UNHCR Budget (if applicable) | J1: ILO Budget (if applicable) | K1: WB Budget (if applicable) | L1: IFC Budget (if applicable) | M1: Total budget (= multi-annual) | N1: Geographic area | O1: Implementation period | P1: Target group | Q1: Government Counterparts | R1: Other implementing organizations | S1: Contribution to ToC Outcomes | T1: Other relevant information
A2: Mid-term Outcome 1: Increased Access of FDPs And HCs To Quality Education, Skills and Learning Opportunities
A3: Short-term Outcome 1.1: Increased national capacity to deliver quality education and vocational training (Ethiopia’s pledges on TVET) | H3: =SUM(H4:H22) -> 3562361.8
B4: Structured Capacity Development to Promote Inclusive and Safe Schools | C4: Collective intervention | D4: MACP | E4: The intervention aims to strengthen the capacity of educators, teachers and students by promoting a protective school environment in refugee hosting locations (This will include training teachers and educators on basic MHPSS and child protection and awareness raising to increase children’s knowledge on sexual abuse and exploitation and how to protect themselves, life and social skills activities, student-led adolescent violence prevention initiatives etc, through school clubs.) | F4: Pillar 1: EDUCATION AND LEARNING | G4: UNHCR, UNICEF | H4: 0 | I4: 100000 | J4: 0 | K4: 0 | L4: 0 | M4: =SUM(H4:L4) -> 100000 | N4: All refugee primary schools. | O4: 2024-2027 | P4: Educators Teachers Students | Q4: RRS Woreda Education Officers | S4: Access to basic services | T4: Safe, protective and inclusive schools for refugee and host community children. Child and adolescent empowerment for child protection
B5: Technical and Financial Support to the Ministry of Education-led the Accelerated Education Technical Working Group to develop the Accelerated Education Curricula, Guidelines and Program aligned to the Revised General Education Curriculum and TVET curricula and market needs. | C5: Collective intervention | D5: MACP | E5: The proposed intervention aims to strengthen the institutional capacity of the Federal Ministry of Education and the sector to deliver quality Accelerated Education Programs (AEPs), ensuring that AEPs are harmonized and aligned to the revised General Education Curriculum. This work will include technical, financial, and operational support to the Ministry of Education-led Accelerated Education Technical Working Group designed to expand Alternative Pathways to Education, through Quality and Demand-Driven Non-Formal Education linked to TVET and market needs. Once developed, the AEPs will contribute to increased opportunities for over-aged and out of school learners from forcibly displaced and host communities to acquire quality education through alternative pathways and increase upward mobility within and out of the education system. | F5: Pillar 1: EDUCATION AND LEARNING (1.1a) | G5: UNHCR, UNICEF& ILO | H5: =186000- (186000*6.5%) -> 173910 | I5: 0 | J5: 0 | K5: 0 | L5: 0 | M5: =SUM(H5:L5) -> 173910 | N5: Addis Ababa, Afar, Amhara, and Somali Regions | O5: 2024-2026 | P5: Out of School Learners from Forcbly Displaced Popluations and Host Communities. | Q5: Federal Ministry of Education, Regional Education Bureau's(REBs), Members of the Education in Emergencies Cluster, Colleges of Teacher Education (CTEs), Woreda Education Offices and RRS as an important stakeholder. | S5: Access to basic services
B6: Strengthening workforce development, capacity building, and continuous professional development (CPD) aligned to the new curriculum and Teacher Education Curriculum Framework (TECF) for ECE, primary and secondary education teachers, and instructional leaders in communities hosting FDPs. | C6: Collective intervention | D6: MACP | E6: This intervention, which consists of three interrelated activities- workforce development for youth paraprofessionals to support the expansion of ECE education in communities hosting FDPs as well as capacity building and continuous professional development for teachers in targeted schools- will focus on enhancing teacher effectiveness through innovations in teaching practices. It will help equip teachers with improved pedagogical skills such as learner-centered teaching approaches and classroom management, digital skills, financial literacy, and improved awareness and knowledge of teacher professional standards as well as critical issues such as Mental Health and Psychosocial Support (MHPSS), peacebuilding, and child protection. | F6: Pillar 1: EDUCATION AND LEARNING (1.1a) | G6: UNHCR, UNICEF | H6: =465000-(465000*6.5%) -> 434775 | I6: 0 | J6: 0 | K6: 0 | L6: 0 | M6: =SUM(H6:L6) -> 434775 | N6: Addis Ababa, Afar, Amhara, and Somali Regions | O6: 2024-2027 | P6: Youth and Teachers from Forcbly Displaced Popluations and Host Communities. | Q6: Federal Ministry of Education, Regional Education Bureau's(REBs), Colleges of Teacher Education (CTEs), Woreda Education Offices, Ministry of Women and Social Affairs, and RRS as an important stakeholder. | S6: Access to basic services
B7: Education Quality Improvement intervention | C7: Partner specific intervention | D7: MACP | E7: The primary goal of component one should be to increase teacher effectiveness by offering thorough capacity-building training programs that are undertaken in collaboration with TVET colleges and are based on the demand for training and capacity-building programs. With the help of the capacity-building intervention, teachers and educators will be better prepared to meet the special requirements of those who have been forcibly displaced and the host communities. The ILO will assist TVET providers in the targeted locations to enhance their short-term training curricula so that they can provide the necessary quality training to forcibly displaced persons and host communities. For UNICEF, the proposed intervention aims to strengthen the institutional capacity of the Federal Ministry of Education and the sector to deliver quality Accelerated Education Programs (AEPs), ensuring that AEPs are harmonized and aligned to the revised General Education Curriculum. This work will include technical, financial, and operational support to the Ministry of Education-led Accelerated Education Technical Working Group designed to expand Alternative Pathways to Education, through Quality and Demand-Driven Non-Formal Education linked to TVET and market needs. | F7: Pillar 1: EDUCATION AND LEARNING | G7: ILO, UNICEF | H7: =372000-(372000*6.5%) -> 347820 | I7: 0 | J7: 1000000 | K7: 0 | L7: 0 | M7: 5,000,000.00 | N7: Province 1, municipality x | O7: 2024-2025 | P7: Teachers in grades 1–12, Students in grades 1-12, Sector staff members, TVET Teachers | Q7: Ministry of Education and Research, municipalities of X and Y. TVET colleges, Ministry of Labour and Skill | R7: Local NGO'S | S7: Access to basic services | U7: SKILLS
B8: National Youth Policy | C8: Collective intervention | D8: MACP | E8: ILO will support the Ministry of Women and Social Affairs to revise the National Youth Volunteer Policy to incorporate the refugee issues in the national youth volunteer policy. Refugees and relevant government and non-governmental organizations will be involved in consultations | F8: Pillar 1: EDUCATION AND LEARNING | G8: ILO | H8: 0 | I8: 0 | J8: 52361 | K8: 0 | L8: 0 | M8: 0 | O8: 2024-2025 | P8: Government, parliament and policy makers | Q8: Ministry of Women and Social Affairs | R8: CSOS/NGOS | S8: Access to rights | T8: National level policy outcome | U8: YOUTH
B9: Digital Skill training | C9: Collective intervention | D9: MACP | E9: ILO will deliver digital skill training through the ILO Digital Innovation Hubs. ILO will deliver short term and long term training opportunities to promote digital skills which will lead to digital livelihood. | F9: Pillar 1: EDUCATION AND LEARNING | G9: ILO | H9: 0 | I9: 0 | J9: 200000 | K9: 0 | L9: 0 | M9: 200000 | O9: 2024-2027 | P9: Forcibility displaced people and host communities for digital skill | Q9: Ministry of Innovation and Technology, regional Bureaus, higher learning institutions and TVT | R9: CSOS/NGOS | S9: Access to basic services | T9: Digital skill development activity | U9: DIGITAL
B10: Support the Ministry of Education and regional education bureaus in establishing ICT labs in selected learning institutions in Addis Ababa, Afar and Somali | C10: Aligned intervention | D10: MACP | E10: This is a joint program implemented by WASH and Education. This program will support the ministry of education and regional education bureaus in establishing information communication technology (ICT) laboratories in selected learning institutions in Addis Ababa, Afar and Somali to create job employment opportunities for the youths. UNICEF will support selected schools to set up ICT labs with the installation of computers, internet connection and solar power systems. The ICT labs will be powered by solar, which is more sustainable and with low operating costs and also as part of climate resilience programming. The program will target the youths who will be employed to work in the ICT labs and besides the new labs will also provide new learning opportunities for the transferrable, entrepreneurial and vocational youth life skills to the young children and youth in the targeted institutions. | F10: Pillar 1: EDUCATION AND LEARNING | G10: UNICEF | H10: =230000-(230000*6.5%) -> 215050 | I10: 0 | J10: 0 | K10: 0 | L10: 0 | M10: =SUM(H10:L10) -> 215050 | N10: Addis Ababa, Afar and Somali | O10: 2024-2027 | P10: Forcefully displaced populations (FDPs) and host communities | Q10: Ministry of Education, Ministry of Water, Regional Education Bureaus and Regional Water Bureaus | S10: Access to rights
A11: Short-term Outcome 1.2: More FDPs and HCs enrolled and retained in formal and non-formal education at primary and secondary levels (integration into public schooling systems) | I11: =I12+I13+I14+I15 -> 680000
B12: Facilitating access to education through a "cash voucher initiative" for refugee girls in secondary education | C12: Aligned intervention | D12: MACP | E12: The intervention aims to sustain a "cash voucher initiative"provided to girls through provision of school materials including sanitary kits to support increased girls access, attendance and retention in secondary education. | F12: Pillar 1: EDUCATION AND LEARNING | G12: UNHCR | H12: 0 | I12: 40000 | J12: 0 | K12: 0 | L12: 0 | M12: =SUM(H12:L12) -> 40000 | N12: Melkadida | O12: 2024-2027 | P12: Refugees | Q12: Woreda Education Offices of Bokolmanyo and Dollo Ado | R12: Save the Children | S12: Access to basic services | T12: 400 refugee girls in secondary schools benefitting from a cash voucher school materials including sanitary kits of US $ 100 per academic year to enhnce enrolment, attendnce and retention @ 100 girl's per year for 4 years.
B13: Education Quality Improvement intervention | C13: Collective intervention | D13: MACP | E13: To complement the World Bank IDA19 and IDA20 funding on transition of refugee secondary schools to the national education system, 4 refugee secondary schools will be transfered to the Somali Regional Education Bureau administration and management, thereby doing away with the parallel education system for refugees and enhancing inclusion of refugees into the national education system. | F13: Pillar 1: EDUCATION AND LEARNING | G13: UNHCR | H13: 0 | I13: 600000 | J13: 0 | K13: 0 | L13: 0 | M13: =SUM(H13:L13) -> 600000 | N13: Refugee locations of (Jijiga and Melkadida) in Somali region | O13: 2024-2025 | P13: Refugee and Host Community children | Q13: Ministry of Education at Federal level, Ministry of Finance at Federal level, Regional Education Bureau's(REBs) at regional level and Woreda Education Offices at local level. RRS is also key in monitoring and coordination. | R13: DICAC and REB's for Secondary | S13: Access to basic services | T13: Staffing requirements for the 4 refugee schools will be met and will ensure that teachers are fully integrated into the national education system at par wth national salary scales. This will be for a stipulated period of time until a sustainable funding mechanism is put in place to support the Government's takeover of the payment of teachers’ salaries. The total number of teachers proposed under this project are 80 national teachers (20 teachers per school), that are fully trained by the Government and certified as professional secondary school teachers.
B14: Education Quality Improvement intervention | C14: Aligned intervention | D14: MACP | E14: Ethiopia commited at the highest levels to work towards including refugees into the national education system. To complement this pledges, its is anticipated that 13 refugee secondary schools will be transfered to the Regional Education Bureaus by 2025. Refugee primary school management will also be transitioned from RRS (by end of 2023) to NGOs (2024-2026) and subsequently to the Regional Educatin Bureaus by 2027. To ensure a smooth transition, a Refugee Expert will be seconded to the Regional Education Bureau to support the Somali region. Note: The World Bank has already seconded refugee technical experts in the Gambella and Benishangul-Gumuz regions. | F14: Pillar 1: EDUCATION AND LEARNING | G14: UNHCR, UNICEF | H14: 0 | I14: 40000 | J14: 0 | K14: 0 | L14: 0 | M14: =SUM(H14:L14) -> 40000 | N14: Somali region | O14: 2024-2027 | P14: Refugee and Host Community children | Q14: Ministry of Education at Federal level, Ministry of Finance at Federal level, Regional Education Bureau's(REBs) at regional level and Woreda Education Offices at local level. RRS is also key in monitoring and coordination. | R14: WB, UNICEF | S14: Access to basic services | T14: Staffing costs for refugee expert with Education Bureau
B15: Building and upgrading of secondary schools to increase access and enhance FDP and Host community integration and social cohesion. | C15: Collective intervention | D15: MACP | E15: The proposed intervention aims to address the critical shortage of school infrastructure and improve the quality of the physical learning environment, ensuring that the school has increased capacity to enroll more learners by providing a physical environment that is safe, nonviolent, and inclusive for all learners, including learners disability and girls from both forcibly displaced and host communities. The expansion will provide new facilities that include Classroom Blocks (4 classrooms with capacity of 50 learners) to expand the capacity of the school to enroll learners from both FDPs and HCs; latrines and a Menstrual Hygiene and Health (MHH) Center which will also be the home of the MHH Club for adolescent girls and boys to learn together about menstruation, personal hygiene, hand washing and health as well as effective communication skills, which will enable them to deliver key hygiene messages to other students within the school. | F15: Pillar 1: EDUCATION AND LEARNING(1.2) | G15: UNICEF | H15: =613000-(613000*6.5%) -> 573155 | I15: 0 | J15: 0 | K15: 0 | L15: 0 | M15: Alemwach (Amhara Region) | N15: 2024-2027 | O15: Learners from Forcbly Displaced Popluations and Host Communities. | P15: Refugees and Returnees Service (RRS) Regional Education Bureau and Woreda Education Officers; and Ministry of Women and Social Affairs. | R15: Access to basic services
A16: Short-term Outcome 1.3: More FDPs and HCs access occupational relevant skills and skills recognition for transition to work (Demand driven labor markets)
B17: Technical and Vocational Skills Training Programmes (TVET) | C17: Collective intervention | D17: MACP | E17: 750 beneficiaries will be supported to access TVET Education (To contribute towards the government pledge of providing quality and accredited skills training to 20,000 people by 2024, so far 13,668 individuals have been reached). Government TVET colleges in 3 regions will be suported to offer accredited courses. This will also include policy level engagements with GIZ - QEP on inclusion of refugees into national TVET systems. | F17: Pillar 1: EDUCATION AND LEARNING | G17: UNHCR, ILO | H17: 0 | I17: 300000 | J17: 0 | K17: 0 | L17: 0 | M17: =SUM(H17:L17) -> 300000 | N17: Refugee locations of (Jijiga and Melkadida in Somali region and (Alemwach) in Amhara region, Addis Ababa. | O17: 2024 -2025 | P17: Refugee and Host Community children | Q17: Ministry of Labour and Skills Training (MoLS) , RRS and Regional and Woreda level TVET colleges | R17: DICAC, NRC, FRC, and IRC, GIZ-QEP, | S17: Access to basic services | T17: The intervention will focus on engagement with existing TVET colleges in Jijiga, Dollo Ado and Amhara to provide accreditated TVET training for the refugees and the host community. The taget will be 750 for for 4 years at US $ 400 per TVET trainee for a full 6 months training course.
B18: Development and Operationalization of an Integrated Online and Offline Skills Training Program for Young People in schools and communities from FDPs and HCs. | C18: Aligned Intervention | D18: MACP | E18: This intervention is intended to sustainably operationalize the quality Accelerated Education Programs, Non-Formal and Informal skills training programs aligned to the national General Education curricula, accredited TVET programs and market needs, ensuring that FDPs and HCs have increased access to learning to earning opportunities. Specifically, UNICEF will leverage and support young people's clubs in schools and community centers in refugee-hosting target regions as a platform to implement demand-driven short-term, but high-quality AEPs, Non-Formal and informal skills development programs, including global training packages/modules tailored to local contexts as well as mentorships, and career guidance opportunities to help young people acquire basic numeracy and literacy skills as well as transferable skills necessary to learn, earn, connect, engage meaningfully and speak out on issues that affect and matter to them. To harness the opportunities of digital transformation, in line with the recently launched and UNICEF-supported Digital Education Strategy and Implementation Plan (2023-2028), the intervention will support access to digital skills for learners. To that end, UNICEF will also facilitate Mentorships on Digital Earning Opportunities, Technology Entrepreneurship, and link youth to One Stop Service Centers and Coding Boot-Camps and high-value technology & creative careers. UNICEF's monthly Peer-to-Peer Learning events, will help connect young people to each other, decision-makers, influencers and leaders. | F18: Pillar 1: EDUCATION AND LEARNING(1.3a) | G18: UNICEF | H18: =(1675000-(1675000*6.5%))+96982.8-51156 -> 1611951.8 | J18: 0 | K18: 0 | L18: 0 | M18: =SUM(H18:L18) -> 1611951.8 | N18: Addis Ababa, Afar, Amhara, and Somali Regions | O18: 2024-2027 | P18: Out of School Learners from Forcbly Displaced Popluations and Host Communities. | Q18: Federal Ministry of Education, Regional Education Bureau's(REBs), Colleges of Teacher Education (CTEs), Woreda Education Offices, Ministry of Women and Social Affairs, Ministry of Labour and Skills(MoLS), and RRS. | R18: Youth-Led Organizations | S18: Access to basic services
B19: Development and implementation of the Catalyst Fellowship for Change Makers- a work-based learning opportunity at UNICEF for youth leaders. | C19: Aligned Intervention | D19: MACP | E19: This intervention aims to provide fellowships and work-based learning opportunities for young people, including those ‘on the move,’ to scale up their social innovations, actions, and impact. Building on its support to clubs in schools and communities as well as peer-to-peer learning opportunities, UNICEF will provide youth leaders and founders of youth-led organizations with opportunities to build essential skills, capacities, and the social capital necessary to scale up their social innovations, actions, and impact. Fellows will undergo UNICEF-supported capacity building trainings and mentorships by UNICEF staff and other experts on various demand-driven issues, including resource mobilization for start-up organizations, social media management, as well as social issues such as human rights, climate change, positive civic engagement, and active citizenship. They will shadow staff for short periods of time, participate in various meetings related to their interests. Participating in the fellowship program will help connect youth to resources, ensuring that they enhance their work skills, develop their career goals, allow them to establish invaluable connections, and provide them with an opportunity to pursue their career goals. | F19: Pillar 1: EDUCATION AND LEARNING (1.3b) | G19: UNICEF | H19: =220000-(220000*6.5%) -> 205700 | I19: 0 | J19: 0 | K19: 0 | L19: 0 | M19: =SUM(H19:L19) -> 205700 | N19: Addis Ababa, Afar, Amhara, and Somali Regions | O19: 2024-2027 | P19: Youth Leaders from Forcbly Displaced Popluations and Host Communities. | Q19: Ministry of Labour and Skills(MoLS), Ministry of Innovation and Technology; Ministry of Agriculture; Ministry of Women and Social Affairs, and RRS. | R19: Youth-Led Organizations | S19: Access to basic services
B20: Work-place training | C20: Partner specific intervention | D20: MACP | E20: In PROSPECTS Phase II, the focus will be on offering industry-specific training, which will lead to employment or wage employment. To ensure sustainable outcomes, agreements will be formed to transfer the responsibility of providing continuous on-the-job training opportunities to an appropriate entity capable of serving forcibly displaced persons (FDPs) and the host community. | F20: Pillar 1: EDUCATION AND LEARNING | G20: ILO | H20: 0 | I20: 0 | J20: 750000 | K20: 0 | L20: 0 | M20: 750000 | N20: Amhara and Somali region | O20: 2024-2027 | Q20: Industries, Enterprizes, regional TVET Bureau | S20: Access to socio-economic opportunities | U20: SKILLS
B21: Recognition of prior learing | C21: Partner specific intervention | D21: MACP | E21: Another intervention to be considered in PROSPECTS II that contributes to STO 1.2 will be “Recognition of Prior Learning” to facilitate the integration of FDP and HC into formal education systems and the job market. ILO/ PROSPECTS will work to establish mechanisms to recognize and certify the skills and knowledge acquired by forcibly displaced individuals through prior education and work experience | F21: Pillar 1: EDUCATION AND LEARNING | G21: ILO | H21: 0 | I21: 0 | J21: 250000 | K21: 0 | L21: 0 | M21: 250000 | N21: Amhara and Somali region | O21: 2024- 2027 | P21: Refugee, IDP'S and Host communities | Q21: Minstry of Labour and skill, TVET colleges in Somali and Amhara region | R21: CSOS/NGOS | S21: Access to socio-economic opportunities | U21: SKILLS
B22: Digital livelihood and internship | C22: Collective intervention | D22: MACP | E22: ILO will provide co-workign space at the ILO Digital Innovation Hub to promote digital livelihood. ILO will expand its intervention in the IT Park to create internship and job opportunities for digitally skilled forcibly displaced people and host communities. The targets of this intervention on internship placement will be urban refugee and host communities having recently graduated from TVET or other higher learning institutions. The project will target skilled and advanced digital workers from refugees and host communities. | F22: Pilar 2 ECONOMIC INCLUSION | G22: ILO | H22: 0 | I22: 0 | J22: 300000 | K22: 0 | L22: 0 | M22: 300000 | O22: 2024-2027 | P22: Digitally skilled forcibly displaced people and host communities. | Q22: Ministry of Innovation and Technology Information Technology Park | R22: CSOS, British Council | S22: Access to socio-economic opportunities | T22: Decent work in digital economy | U22: DIGITAL
A23: Pillar 2: ECONOMIC INCLUSION
A24: Mid-term Outcome 2: Improved Livelihoods and Expanded Economic Opportunities for FDPs and HCs
A25: Short-term Outcome 2.1: Improved labor market governance supporting transition to and entry into employment and formalization (Decent work)
A26: 2.1 | B26: Work Ethics and Core Skills | C26: Collective intervention | D26: MACP | E26: ILO will deliver soft skill and work ethics training in line with the technical skill training courses that will be delivered through TVET and ILO Digital Innovation Hubs. The soft skills and work ethics training will increase employability, employer retention and helps individuals to use their hard skill to the full extent. | F26: Pilar 2 ECONOMIC INCLUSION | G26: ILO | H26: 0 | I26: 0 | J26: 150000 | K26: 0 | L26: 0 | N26: Workers and employers | O26: 2024-2027 | P26: Ministry of Labor and Skills and Entrepreneurship Development Institute | Q26: CETU,EEF,CEEF, COS and NGOS | R26: Access to socio-economic opportunities | S26: Work ethics training to promote employment and promotion at work. | T26: YOUTH
B27: Job Search support | C27: Collective intervention | D27: MACP | E27: One of the interventions is the establishment of Public Employment Services that promote job placement services by providing platforms that match job seekers with acceptable employment opportunities and job search clubs. The PES also serves to provide up-to-date labor market information to the community and TVET providers to support the delivery of the demanded training. | F27: Pilar 2 ECONOMIC INCLUSION | G27: ILO | H27: 0 | I27: 0 | J27: 150000 | K27: 0 | L27: 0 | N27: Somali region | O27: 2024-2027 | P27: Unemployed youth in forcibly displaced people and host communities. | Q27: Bureau of Labour and social affair | S27: Access to socio-economic opportunities | U27: YOUTH
B28: Public Employment service | C28: Collective intervention | D28: MACP | E28: The Public Employment Center will be fully functional in PROSPECT II where the ILO will support the TVET-providers and regional TVET Bureaues in conducting a comprehensive labor market information study. The study will help in the selection and targeting of the forcibly displaced people and consider the skills in demand in targeted areas. The information will be aligned with the market systems analysis to identify skills in demand by enterprises with growth potential and available to the target community | F28: Pilar 2 ECONOMIC INCLUSION | G28: ILO | H28: 0 | I28: 0 | J28: 500000 | K28: 0 | L28: 0 | N28: Somali region | O28: 2024-2027 | P28: Unemployed youth in forcibly displaced people and host communities. | Q28: Ministry of Women and Social Affairs Ministry of Labour and Skills Respective Local Bureaus Local NGOS | R28: CSOS | S28: Access to socio-economic opportunities | T28: Job search support to access job opportunities. | U28: SKILLS
B29: Digitize the PES | C29: Collective intervention | D29: MACP | E29: PROSPECTS will partner to digitize information of job seekers and employers. This online platform will provide information on available jobs. Job seekers and will provide job matching services. | F29: Pilar 2 ECONOMIC INCLUSION | G29: ILO | H29: 0 | I29: 0 | J29: 50000 | K29: 0 | L29: 0 | O29: 2024-2027 | P29: Employment Facilitation center, Youth centers and PES | Q29: Ministry of Labour and Skills Respective Local Bureaus Local NGOS Digital skilled refugees and host communities that are trained under the project | R29: CSOS | S29: Access to basic services | T29: ILO will digitize job seekers and employers information for job matching. | U29: DIGITAL
B30: Refugees are supported to access third-country employment opportunities for labour mobility | C30: Partner specific intervention | D30: MACP | E30: As more legal opportunities for labour mobility emerge, there is a growing need to match refugees with available jobs in third countries. However, there is a need to provide them with support services. These include lodging their applications for available third-country jobs, and to navigate the related procedures. More specifically: refugees will be get counselling on available opportunities; development of resumes, application letters, preparation for interviews with potential employers, facilitation of remote interviews, document acquisition, validation & equivalency checks as well as access to ICT hubs. A total of 100 people will be assisted per year. | F30: Pillar 2: ECONOMIC INCLUSION | G30: UNHCR | H30: 0 | I30: 37604.08 | J30: 0 | K30: 0 | L30: 0 | N30: All Refugee Hosting Regions | O30: 2024 -2027 | P30: Skilled refugees | Q30: RRS | R30: Keppler, Gebeya, JRS | S30: Access to socio-economic opportunities
B31: Strengthen referral pathways for labour mobility by building the capacity of Implementing Partners and building evidence surrounding the right to work | C31: Aligned intervention | D31: MACP | E31: To complement activity 2.2, it will be necessary to engage an Implementing Partner who has the necessary capabilties to provide services to services to refugees. The partner will need to have the capacity to carry out activities (information disemmination, case identification etc.) that will help identify refugees who have suitable skills/profiles and link them to available opportunities in third countries. This activty will also undertake skills mapping within the refugee population towards a repository of profiles that would ease case identification and candidate matching whenever opportunities arise. The World Bank will support analytical work to build the evidence for and unlock employment pathways through wage employment, self-employment, and through joint projects as per the 2019 Refugee Proclamation and related directives. | F31: Pillar 2: ECONOMIC INCLUSION | G31: UNHCR, WB | H31: 0 | I31: 84844 | J31: 0 | K31: 1000000 | L31: 0 | M31: 84,844.00 | N31: All Refugee Hosting Regions | O31: 2024 -2027 | P31: Skilled refugees | R31: Implementing partners to be identified in the field. In Addis Ababa: Keppler, Gebeya, JRS | S31: Access to socio-economic opportunities
A32: Short-term Outcome 2.2: Increased Private Sector or Public investment and enhanced business environment for creating economic opportunities for forcibly displaced and host communities (Agriculture Cooperatives, Trade and Services)
A33: 2.2.1 | B33: Climate-Smart Share Farming Project | C33: Collective intervention | D33: MACP | E33: This intervention is aimed at enhancing the commercial sustainability of irrigated land, by a perennial river operated today by refugee-host cooperatives, in Dollo Ado and Bokolmayo woredas, in the Somali Region of Ethiopia, to enhance local import substitution and food security of a captive market of 400,000 people of which 40% are refugees. The intervention will involve bringing on board a farm management company to commercialize current operations with the cooperatives ensuring sustainability and profitability. This includes drawing on established IFC FCS tools on applying a conflict sensitive approach, in this project in particular emphasizing capacity building arounf grievance mechanisms to manage local issues and avoid escalation.The intiative is anticipated to benefit 1,160 refugee and host community cooperative members. UNHCR will continue to exercise its mandate and provide protection oversight to refugees during these working arrangements. this will be in line with considerations for inclusion, equity, enhancing protection of rights, food security and do no harm. | F33: Pillar 2: ECONOMIC INCLUSION | G33: IFC, UNHCR | H33: 0 | I33: 900000 | J33: 0 | K33: 0 | L33: 9673405 | M33: =SUM(H33:L33) -> 10573405 | N33: Bokolmayo & Dollo Ado Woredas (Somali region) | O33: 2024 - 2027 | P33: Refugees & Host Communities | Q33: RRS, Somali Regional Government, Woreda Administration | R33: Farm Management Company (To be selected) | S33: Access to socio-economic opportunities
B34: FDPs/HC members already employed or self-employed increase their income, enhance their working conditions or maintain their resilient livelihoods | C34: Collective intervention | D34: MACP | E34: For the already established 129,000 economic opportunities, it will be critical to monitor whether these employment oportunities are maintained and that incomes are increassing. In order to monitor these, the services of professional impact evaluators will be required to assess incomes, expenditures, savings and quality of life. | F34: Pillar 2: ECONOMIC INCLUSION | G34: UNHCR, ILO, IFC | H34: 0 | I34: 400000 | J34: 0 | K34: 0 | L34: 0 | M34: 200,000.00 | N34: All Refugee Hosting Regions | O34: 2024 -2026 | P34: Refugees and Host Communities who have benefitted from productive assets/business support/financial services | Q34: RRS | R34: Possibly L-YFT (data tracking specialist organization) | S34: Access to socio-economic opportunities
B35: New wage employment and/or self-employment (business) opportunities are supported by PROSPECTS | C35: Collective intervention | D35: MACP | E35: To date, aproximately 129,000 people have received economic opportunities in different refugee hosting areas from investments made by 14 joint projects as part of Ethiopia's commitments to the Global Compact. In order to ensure the quality of refugee data, monitoring mechanisms will be supported through federal and regional Livelihoods and Economic Inclusion coordination structure technical platforms. Jobs that are newly created and maintained through wage and self employment will be monitored and reported on a yearly basis. The target is to double these opportunities by 2027. | F35: Pillar 2: ECONOMIC INCLUSION | G35: UNHCR, ILO, IFC | H35: 0 | I35: =300000 -> 300000 | J35: 0 | K35: 0 | L35: 0 | M35: 200,000.00 | N35: All refugee hosting Regions | O35: 2024 -2027 | P35: Development partners, INGOs, Local NGOs, Private Sector | Q35: RRS | R35: All stakeholder projects and programs implementing economic inclusion initiatives | S35: Access to socio-economic opportunities
B36: Community Contracting Approach | C36: Collective intervention | D36: MACP | E36: The ILO has a procurement tool called community contracting approach that empower communities by ensuring that they have an executive role in the identification, planning and implementation, monitoring and coordination of development initiatives. Hence, Introduce and cascade a Community Contracting Approach to construct a local primary school for the host community next to the Alemwach settlement; involving and building capacities of communities to deliver infrastructure assets while providing an adequate and safe learning environment for the pupils. | F36: Pilar 2: ECONOMIC INCLUSION | G36: ILO, UNICEF | H36: 0 | I36: 0 | J36: 50000 | K36: 0 | L36: 0 | N36: Amhara region | O36: 2024 - 2027 | P36: Host Communities | Q36: Local government in Dabat town | S36: Access to socio-economic opportunities | T36: EIIP
B37: Con/renov. of community school | C37: Collective intervention | D37: MACP | E37: Construction/renovation of a community school through community contracting approach | F37: Pilar 2: ECONOMIC INCLUSION | G37: ILO, UNICEF | H37: 0 | I37: 0 | J37: 200000 | K37: 0 | L37: 0 | N37: Amhara region | P37: Host Communities | Q37: Local government in Dabat town | S37: Access to socio-economic opportunities | T37: EIIP
B38: Contractor development | C38: Partner specific intervention | D38: MACP | E38: 1) To help overcome the difficulties that SMEs face, the ILO plans to support SMEs who have limited experience in effective business management, through a contractor development scheme that includes training in business management to institutionalize the construction industry for sustainability, 2) For issues related to exogenus factors susc as procurement policies, the ILO will work with the Public Property | F38: Pilar 2: ECONOMIC INCLUSION | G38: ILO | H38: 0 | I38: 0 | J38: 200000 | K38: 0 | L38: 0 | N38: Amhara, Somali and Addis Ababa | O38: 2024 - 2027 | P38: SMEs | Q38: ERA, MoUDI | S38: Access to socio-economic opportunities | T38: EIIP
B39: Occupational Safety and Health | C39: Partner specific intervention | D39: MACP | E39: The ILO will partner with private agencies working on Occupational Health and Safety (OSH), the mainstream media and ECA to create awareness and understanding of occupational safety and health in the construction sector. | F39: Pilar 2: ECONOMIC INCLUSION | G39: ILO | H39: 0 | I39: 0 | J39: 200000 | K39: 0 | L39: 0 | N39: Amhara, Somali and Addis Ababa | O39: 2024 - 2027 | P39: young, and elderly people | Q39: ECA, Mainstream media | R39: Private service providers | S39: Access to socio-economic opportunities | T39: EIIP
B40: Policy | C40: Partner specific intervention | D40: MACP | E40: The progress in the wider use of labour-based technology in infrastructure development in Ethiopia has not been good. The performance so far reflects key issues of policy, institutional arrangement, legal framework, contract documentation, incentives, and capacity to upscale. Labour–based technology should be an integral component of policy on employment and job creation, and improvement and maintenance and infrastructure. To address this, the ILO will carry out a policy intervention to review policy gaps related to the use of labour-based technology and advocate for the revision of the employment policy which has been in place since 2009. | F40: Pilar 2: ECONOMIC INCLUSION | G40: ILO | H40: 0 | I40: 0 | J40: 100000 | K40: 0 | L40: 0 | N40: Federal level | O40: 2024 - 2027 | Q40: MoUDI, MoLS | S40: Access to socio-economic opportunities | T40: EIIP
B41: Capacity building | C41: Partner specific intervention | D41: MACP | E41: Underpinning the institutional framework for the wider use of labour base technology is a basic condition, without which the implementation of policy cannot be assured. As a result, the ILO will provide a series of capacity-building training to pertinent Federal, Regional, Zonal and Woreda level government offices to institutionalize labour-based technology and better use of the methodology for job creation while improving access to social services. | F41: Pilar 2: ECONOMIC INCLUSION | G41: ILO | H41: 0 | I41: 0 | J41: 75000 | K41: 0 | L41: 0 | N41: Amhara, Somali and Addis Ababa | O41: 2024 - 2027 | P41: public sector | Q41: Federal, Regional and Zonal level public infrastructure institutions | S41: Access to socio-economic opportunities | T41: EIIP
B42: Job creation | C42: Partner specific intervention | D42: MACP | E42: 1) Implement environmental works (soil and water conservation) in and around the Alemwach settlement targeting both host and refugee communities- Amhara region, 2) construct water detention ponds to support milk value chain, 3) construct community market for agriculture produce | F42: Pilar 2: ECONOMIC INCLUSION | G42: ILO | H42: 0 | I42: 0 | J42: 400000 | K42: 0 | L42: 0 | N42: Amhara and SoMali region | O42: 2024 - 2027 | P42: HC, Refugeee | S42: Access to socio-economic opportunities | T42: EIIP
B43: Institutional Support | C43: Partner specific intervention | D43: MACP | E43: 1) Support and capacitate the Ginchi Labour-based training centre via revisiting/updating different outdated EIIP guidelines and learning materials, 2) Development of climate proofing of road network guidelines to create climate resilient infrastructure leveraging nature-based solutions, 3) Supporting relevant government departments to develop and implement policies and strategies for the promotion of employment-intensive infrastructure and environmental works. | F43: Pilar ECONOMIC INCLUSION | G43: ILO | H43: 0 | I43: 0 | J43: 400000 | K43: 0 | L43: 0 | N43: Ginchi Labour based institute, Ginchi and Addis Ababa | O43: 2024 - 2027 | P43: ERA, MoUDI | Q43: ERA, MoUDI | S43: Access to socio-economic opportunities | T43: EIIP
A44: Short-term Outcome 2.3: Increased access to finance, business development and entrepreneurial support (Financial Inclusion)
B45: Youth Led organizations for youth employment | C45: Collective intervention | D45: MACP | F45: Pilar 2: ECONOMIC INCLUSION | G45: ILO, UNHCR | H45: 0 | I45: 0 | J45: 300000 | K45: 0 | L45: 0 | M45: 300000 | O45: 2024-2027 | P45: Youth led organizations | Q45: Local NGOS | R45: Regional Youth and Sport bureaus Bureau of Labour and Skills | S45: Access to socio-economic opportunities | T45: Youth led organizations supported with grant and capacity budling for youth employment
B46: Increased access to business development services and entrepreneurial support | C46: Partner specific intervention | D46: MACP | E46: ILO shall implement interventions that support and strengthen the network of BDS provides through training, mentorship and material support. The project shall support the local integration of refugees and other forcibly displaced persons and their host communities through institutional support to local/woreda level one stop shop operated by government. PROSPECTS shall continue to collaborate with private and public BDS providers including Elebat solution, HASI, Africa energy solution and business and provide and equip them with ILO BDS tools. ILO shall support Jigjiga university, JPTC and Debark/Assosa universities business faculties to establish and strengthen their business incubation centers and provide BDS services. At the national level ILO Shall Support the federal Entrepreneurship development institute and local BOLS offices and link them with BDS networks with the view of strengthening collaboration and coordination at micro, meso and macro level | F46: Pilar 2: ECONOMIC INCLUSION | G46: ILO, UNHCR | H46: 0 | I46: 0 | J46: 525000 | K46: 0 | L46: 0 | M46: 525,000.00 | N46: National and Somali region + new ILO implementation region based on upcoming scoping missions and government consultation | O46: 2024-27 | P46: BDSP association, Ethiopian Entrepreneurship development institute, Academia and TVET institutes | Q46: EEI, JCC, Coop commission and Academic institutes | R46: BDSP association, JJU and selected academic and TVET institutes | S46: Access to socio-economic opportunities | T46: ENT
B47: Entrepreneurship support to Host and refugees | C47: Collective intervention | D47: MACP | E47: PROSPECTS shall organize business plan competition in Addis Ababa and selected geography to support the entrepreneurial endeavor of FDPs and their host communities in collaboration with BDSP association and selected FSPs | F47: Pilar 2: ECONOMIC INCLUSION | G47: ILO, UNHCR | H47: 0 | I47: 0 | J47: 500000 | K47: 0 | L47: 0 | M47: 500,000.00 | N47: Addis Ababa, Somali and New operational area of ILO PROSPECTS | O47: 2024-27 | P47: Host and refugee Entrepeneur's | Q47: JCC , RRS and others | R47: FSPs and CSo/NGO/private sector actor | S47: Access to socio-economic opportunities | T47: ENT
B48: Enterprise formalization | C48: Collective intervention | D48: MACP | E48: PROSPECTs shall promote interventions that support formalization of existing and new enterprises owned by FDPs and their host communities. ILO shall conduct national level diagnostic to asses and identify issues related with informality (policy/legislative, actors and practices) and validate the findings. PROSPECTS shall promote coaching programme on formalization for entrepreneurs developed by the ILO and to be integrated and delivered by the BDSP association’s package of service for potential BDS support that can contribute to and strengthen BDS support for PROSPECTS target groups. Development of a very practical support package on business development and formalization: e.g., through integrated capacity development on BDS and informality; working with Standards Bureau to map services for refugees and informal sector actors and specify capacity development needs of businesses supported by Prospects) | F48: Pilar 2: ECONOMIC INCLUSION | G48: ILO, UNHCR | H48: 0 | I48: 0 | J48: 150000 | K48: 0 | L48: 0 | M48: 150,000.00 | N48: Addis Ababa, Somali and New operational area of ILO PROSPECTS | O48: 2024-27 | P48: Host and refugee SME operators, cooperatives and private sector actor | Q48: JCC, Coop and EEI | R48: CETU, Emplyers and RRS | S48: Access to socio-economic opportunities | T48: ENT
B49: AIMS (Approach to inclusive Market Systems) | C49: Partner specific intervention | D49: MACP | E49: Conduct AIMS assessment in selected region of Ethiopia to provide a concrete analytical understanding of the market system as well as the dynamics surrounding entrepreneurship, MSSE, cooperatives, access to finance and financial literacy in the new target region. ILO shall assess and identify value chains (VCs) with potential for inclusive growth and with the view increasingly able to take advantage of new business opportunities, and create more decent jobs in the newly selected geographies | F49: Pilar 2: ECONOMIC INCLUSION | G49: ILO | H49: 0 | I49: 0 | J49: 450000 | K49: 0 | L49: 0 | M49: 450,000.00 | N49: New operational area of ILO PROSPECTS + somali | O49: 2024-27 | P49: VC actors, host and refugees and private sector partners | Q49: JCC, coop and Investment commissions | R49: RRS, UNHCR and local government | S49: Access to socio-economic opportunities | T49: ENT
B50: Increased access to business development services and entrepreneurial support | C50: Partner specific intervention | D50: MACP | E50: PROSPECTS shall continue to rollout the ILO tailor made business management toolkits (SIYB, GET Ahead) and enhance the business viability and sustainability in the project target areas. ILO will continue to support the cooperative and social and economic solidarity support structures to provide support to forcibly displaced persons and their host communities. ILO shall continue to build the capacity of regional and woreda cooperative promotion bureaus/offices with the ILO cooperative management tools and strengthen the cooperative auditing capacity of regional cooperative support structures. | F50: Pilar 2: ECONOMIC INCLUSION | G50: ILO | H50: 0 | I50: 0 | J50: 300000 | K50: 0 | L50: 0 | M50: 300,000.00 | N50: Addis Ababa, Somali and New operational area of ILO PROSPECTS | O50: 2024-27 | P50: Host and refugees business operators | Q50: BLS, JCC and One Stop shops in the target operational areas | R50: RRS, Coop, UNHCR and BDSP association | S50: Access to socio-economic opportunities | T50: ENT
B51: financial inclusion (Making Microfiince work for host and refugees) | C51: Partner specific intervention | D51: MACP | E51: PROSPECT shall build the capacity of service providers and rollout MMFWR package to potential financial service providers in the project target area. ILO shall continue to provide technical assistance to selected and interested financial service providers to expand their reach and develop new and improved financial products in the Somali region and newly selected geographies. Engage with the National Bank of Ethiopia to advocate the inclusion of refugees and recognition of refugee IDs for better financial services to refugees. Collaborate and support the National Bank of Ethiopia in the revision of national financial inclusion strategy | F51: Pilar 2: ECONOMIC INCLUSION | G51: ILO | H51: 0 | I51: 0 | J51: 400000 | K51: 0 | L51: 0 | M51: 400,000.00 | N51: Addis Ababa, Somali and New operational area of ILO PROSPECTS | O51: 2024-27 | P51: Host and refugees business operators, FSPs | Q51: BLS, JCC and One Stop shops in the target operational areas | R51: RRS, Coop, UNHCR and BDSP association | S51: Access to socio-economic opportunities | T51: ENT
B52: Financial Inclusion ( Financial Education) | C52: Partner specific intervention | D52: MACP | E52: PRSOPECTS shall support the regional financial education certification of at least 2 BDSP association members to complete their regional certification cycle. Support the institutionalization of the ILO financial education tools to the selected and interested FSPs through technical assistance and capacity building. In collaboration with the national BDSP association, further contextualize and adapt the ILO FE toolkit to fit the existing and new operational contexts. Rollout ILO Financial education training (both TOT and TOB) and reach more FDPs and their hosting communities in the Somali region and newly selected geographies. | F52: Pilar 2: ECONOMIC INCLUSION | G52: ILO | H52: 0 | I52: 0 | J52: 335000 | K52: 0 | L52: 0 | M52: 335,000.00 | N52: Addis Ababa, Somali and New operational area of ILO PROSPECTS | O52: 2024-27 | P52: Host and refugee communities, FSPs, BDSP association | Q52: BLS, JCC and One Stop shops in the target operational areas | R52: RRS, Coop, UNHCR and BDSP association | S52: Access to socio-economic opportunities | T52: ENT
B53: Financial Inclusion (Microinsurance) | C53: Partner specific intervention | D53: MACP | E53: Continue to promote the development and rollout of new microinsurance product and services in line with the government of Ethiopia strategy and guidelines/directives. ILO shall provide capacity building and financial support to AEMFI and selected members to further institutionalize and reach more host and refugees | F53: Pilar 2: ECONOMIC INCLUSION | G53: ILO | H53: 0 | I53: 0 | J53: 150000 | K53: 0 | L53: 0 | M53: 150,000.00 | N53: Addis Ababa, Somali and New operational area of ILO PROSPECTS | O53: 2024-27 | P53: Ethiopian Insurance providers association , FSPs, host and refugees, NBE | Q53: CBE, AEMFI, CETU | R53: BDSP association | S53: Access to socio-economic opportunities | T53: ENT
A54: Short-term Outcome 2.4: Enhanced capacity to protect rights at work and promote safe and secure working environments for all workers (Residence/Work Permits/Labor rights)
B55: Right at Work and to Work | C55: Collective intervention | D55: MACP | E55: PROSPECTS will customize the Right to Work and at Work guide to local country context and translation to local languages. Capacity budling activity will be provided to enterprises, employers, workers, youth led originations, forcibly displaced people, and government partners to create awareness about the Right to Work and at Work for forcibility displaced people. | F55: Pilar 2: ECONOMIC INCLUSION | G55: ILO | H55: 0 | I55: 0 | J55: 100000 | K55: 0 | L55: 0 | M55: 100000 | O55: 2024-27 | P55: Youth in forcibly displaced people and host communities. | Q55: CETU, Ministry of Women and Social Affairs, Ministry of Labour and Skils,Respective Local Bureaus, Local NGOS and etc. | R55: Regional Youth and Sport bureaus Bureau of Labour and Skills | S55: Access to rights | T55: Capacity building on right to work and right at work for FDP and HC. | U55: YOUTH
A56: Pillar 3: PROTECTION AND SOCIAL PROTECTION
A57: Mid-term Outcome 3: (1)Protection: Increased Government Protection for FDPs and HCs; (2) Social Protection: Increased Inclusion of FDPs and HCs In Community-based, Local and/or National Social Protection Systems
A58: Short-term Outcome 3.1: Strengthened Legal, Policy and Regulatory Environment for Refugee Protection/Social Protection and Inclusion | H58: =SUM(H59:H78) -> 3727855
A59: 3.1a) 1 | B59: Joint policy advocacy to promote refugee inclusion into relevant legal and policy frameworks | C59: Collective intervention | D59: MACP | E59: Joint policy advocacy to promote inclusion of refugee, asylum seeking and stateless children in the National Strategy and Plan of Action on Violence against Women and Children (VAWC). This intervention also includes technical and targeted support to relevant GoE authorities at federal and regional levels to convene regular joint policy dialogues to plan for and monitor the strategic, refugee inclusive and measurable implementation of the Child Protection National Case Management Framework in the Somali region, Afar region and Addis Ababa. Similarly, advoccay for review of National Policy on Children, new Alternative Childcare Directives, standards and SOP for One-Stop Service Centres for inclusion of refugee, asylum seeking and stateless children will be underatken, through policy dialogues and consultations at the community level. The government has plan to develop a Social Work legislation, UNICEF and UNHCR will advoacte to ensure issues related to refugee, asylum seeking a and stateless children are adressed in the upcoming legislation. | F59: Pillar 3: PROTECTION AND SOCIAL PROTECTION | G59: UNICEF, UNHCR | H59: 25000 | I59: 10000 | J59: 0 | K59: 0 | L59: 0 | M59: =SUM(H59:L59) -> 35000 | N59: National level (targetg all refugees), Somali, Afar, Addis Abeba | O59: 2024-2027 | P59: Refugees | Q59: Ministry of Women and Social Affairs (MOWSA), Ministry of Justice and their respective Bureaus in the target regions, Refugees and Returnees Service
A60: 3.1a) 2 | C60: Aligned intervention | D60: MACP | E60: UNHCR and the WB will promote the legal, policy and regulatory frameworks that will support the Government of Ethiopia's strategic and policy commitments, particularly those that bridge humanitarian and development approaches in support of refugees and host communities, such as the refugees freedom of movement, access to justice, right to work. This will include providing technical assistance to the Government and other stakeholders, including complementing with further medium to long-term investments in development interventions and related critical analytical work. | F60: Pillar 3: PROTECTION AND SOCIAL PROTECTION | G60: UNHCR, ILO, WB | H60: 0 | I60: 100000 | J60: 0 | K60: 1730000 | N60: Federal level | O60: 2024 -2027 | P60: Government and other partners | Q60: Refugees and Returnees Service | R60: Ethiopian Human Rights Commission and UNDP | S60: Access to rights
A61: Short-term Outcome 3.2: Refugees and HCs Have Increased Access To (Strengthened) Community-based, Local and/or National Protection Mechanisms/Services
A62: 3.2a) 1 | B62: Promote legal identity for all, including birth registration | C62: Collective intervention | D62: MACP | E62: Joint UNICEF and UNHCR technical support to the GoE RRS and Vital Events Registration Agency to: (i) progressively implement the National CRVS costed strategy for refugee and host community children [UNHCR and UNICEF]; (ii) support contextualization and inter-operability of digital civil registration systems for refugee and host community children and the e-ID system [UNICEF]; and (iii) identify and implement innovative ways to fast track clearance of the birth registration backlog for refugee children and other FDPs [UNHCR and UNICEF] (iv) Support capacity building of personnel involved in the CRSV ( ICS, VERA, RRS (UNHCR and UNICEF). | F62: Pillar 3: PROTECTION AND SOCIAL PROTECTION | G62: UNICEF, UNHCR | H62: 1602855 | I62: =775396-100000 -> 675396 | J62: 0 | K62: 0 | L62: 0 | M62: =SUM(H62:L62) -> 2278251 | N62: Addis Ababa, Afar, Somali All fociaby displaced community hosting locations | O62: 2024-2027 | P62: Refugees & Host Communities | Q62: CRSV (ICS. VERA, RRS) | R62: WB | S62: Access to rights
A63: 3.2a) 2 | B63: Issuance of Refugee and Asylum-seeker ID, Work and Residence Permitsand inclusion the National Digital Identity System | C63: Aligned intervention | D63: MACP | E63: UNHCR and other PROSPECTS partners, will (i) put in place functional mechanisms for the issuance of valid ID cards and renewal of expired ones to refugees (ii) support the inclusion of refugees in the new Digital “Fayda” IDs that are being introduced for all Ethiopians through the WB-supported Digital ID for Inclusion and Services Project (iii) support the issuance of work and residence permits that will enable refugees and asylum-seekers to engage in wage/self-employment or other economic opportunities and access the rights to work (iv) advocate for issuance of business licenses for refugees participating in enterprises. | F63: Pillar 3: PROTECTION AND SOCIAL PROTECTION | G63: UNHCR | I63: 596398 | J63: 0 | K63: 0 | L63: 0 | N63: All Refugee Hosting Regions | O63: 2024 -2027 | P63: All refugees and asylum-seekers in Ethiopia aged 14 and above and target population identified by the government eligible to be issues work/residence permits. | Q63: Refugees and Returnees Service, Ministry of Labour and Skills, Ministry of Trade, National ID Program, Prime Minister’s Office, Ministry of Finance | S63: Access to rights
A64: 3.2b) 1 | B64: Facilitate access to the national justice system for the forcibly displaced populations | C64: Aligned intervention | D64: MACP | E64: Provide technical support (i) to regional mobile courts to strengthen their capacities to offer services to forcibly displaced populations and host communities to improve access to the national justice system (ii) law enforcement bodies including infrastructure improvements are needed (iii) capacity building and technical discussion with stakeholders in the justice fraternity including legal aid service providers, government agencies, implementing partners, community-based structures will be held (iv) conduct community sensitization sessions on access justice and free legal aid services (v) strengthen mediation and/or alternative dispute resolution (ADR) mechanisms for resolving conflicts or disputes among displaced populations and host communities to promote peaceful resolution of conflict (vi) strengthen the asylum space through building the capacity of government officials on the fundamentals of refugee protection (including legal frameworks, international protection, procedures and criteria for determining refugee status and legal consideration of climate-induced displacement) (vii) organise high-level periodic consultative forums with refugee protection and justice stakeholders | F64: Pillar 3: PROTECTION AND SOCIAL PROTECTION | G64: UNHCR | I64: 520000 | J64: 0 | K64: 0 | L64: 0 | N64: Somali, Gambella, Addis Ababa | O64: 2024 -2027 | P64: Law enforcement bodies, Refugee Cordination Committees and Refugee Led Organizations working on peace initiatives | Q64: Refugees and Returnees Service | S64: Access to rights
A65: 3.2b) 2 | B65: Facilitate access to services and information for FDPs and HCs through Case Management & Referral, Safeguarding, MHPSS, Safe Digital Access | C65: Collective intervention | D65: MACP | E65: Strengthening an inclusive child protection case management system at federal and target regional level (FDPs and HC) by UNICEF collaboratively with UNHCR through implementation of case management services aligned with the National Child Protection Case Management Framework at national level and intervention areas in regions to vulnerable children of Forcibly Displaced Population (FDP) and Host Communities (HC) through the Bureaus of Women and Social Affairs (ii) capacity building on safe referrals at school level & Integration of social and emotional learning within the school curriculum. | F65: Pillar 3: PROTECTION AND SOCIAL PROTECTION | G65: UNICEF, UNHCR, ILO | H65: 1070000 | I65: 430000 | J65: 0 | K65: 0 | L65: 0 | M65: =SUM(H65:L65) -> 1500000 | N65: Addis Ababa, Afar, Somali | O65: 2024-2027 | P65: FDPs and Host communities | Q65: MOWSA and Bureaus of Women and Social Affairs; MInistry of Health, Ministry of Education
A66: 3.2b) 2 | B66: Child Protection Information Management System (CPIMS+) active in refugee settlements and in Host Communitties integratied to the national system | C66: Collective intervention | D66: MACP | E66: Roll-out of the CPIMS+ in targeted refugee settlements in Somali and Afar as well as other regions that are moving towards a settlement approach, as part of the roll-out of the national child protection case management framework with BoWSA. This consists of: (i) enhance HR and supplies to support identifying & registering in the CPIMS+ national system; (ii) referring refugee children within the settlements to essential specialized services; (iii) advocacy towards agreement between MOWSA and RRS to integrate refugee children into the CM national system | F66: Pillar 3: PROTECTION AND SOCIAL PROTECTION | G66: UNICEF, UNHCR | H66: 200000 | I66: 0 | J66: 0 | K66: 0 | L66: 0 | M66: =SUM(H66:L66) -> 200000 | N66: Addis Ababa, Afar, Somali | O66: 2024-2027 | P66: Refugees and Host communities | Q66: MOWSA and Bureaus of Women and Social Affairs
A67: 3.2b) 3 | B67: Children have access to a Protective environment through the reinforcement/set up of Child Protection Community Based Mechanisms (CPCBM) in intervention areas and includes addressing barriers to services | C67: Aligned Intervention | D67: MACP | E67: Support of and strengthening of community resilience through the etablishment/reactivation of community based child protection mechanisms/plateforms such as community care coalitions (CCC). This includes roll out of the national CCC strengthening manual. | F67: Pillar 3: PROTECTION AND SOCIAL PROTECTION | G67: UNICEF, UNHCR | H67: 260000 | I67: 37000 | J67: 0 | K67: 0 | L67: 0 | M67: =SUM(H67:L67) -> 297000 | N67: Addis Ababa, Afar, Somali | O67: 2024-2027 | P67: FDPs and Host communities | Q67: Bureaus of Women and Social Affairs
A68: 3.2b.4 | B68: Children and caregivers have access to community based MHPSS services with the focus on capacity building of frontline workers and community based structures | C68: Aligned Intervention | D68: MACP | E68: Accelerate MHPSS roll out strategy for in-school and out-of-school children through (i) roll out of the MHPSS curricula for social workers, teachers and health professionals ; (ii) expansion of dedicated MHPSS workforce in target woredas; (iii) community-based healing interventions | F68: Pillar 3: PROTECTION AND SOCIAL PROTECTION | G68: UNICEF | H68: 250000 | I68: 0 | J68: 0 | K68: 0 | L68: 0 | M68: =SUM(H68:L68) -> 250000 | N68: Addis Ababa, Afar, Somali | O68: 2024-2027 | P68: FDPs and Host communities | Q68: MOWSA and Bureaus of Women and Social Affairs; Ministry of Education
A69: 3.2b.6 | B69: Adolescents girls and boys including young people are empowered and made self-reliant through strengthening youth platforms and digital connectivity | C69: Aligned Intervention | D69: MACP | E69: Promote resilience, empowerment and self-relience of Forcibly Displaced youth by establishing/strengthening Youth Platforms with digital connectivity in dedicated woredas targeting, for information and referral service around sexual and reproductive health and protection services, accelerated learning and skill building opportunities, safe online skills and MHPSS, through on-site para-professional and peer support. The proposed intervention also aims to bring together youth representatives from across refugee-hosting areas in Ethiopia through a national youth network conference and by which they can have a platform to share experiences. By being empowered the youth leaders can have meaningful engagement and participation within their communities. The intervention will also allow for an evaluation of the implementation of the UNHCR National Youth Strategy. | F69: Pillar 3: PROTECTION AND SOCIAL PROTECTION | G69: UNICEF | H69: 250000 | I69: 0 | J69: 0 | K69: 0 | L69: 0 | M69: =SUM(H69:L69) -> 250000 | N69: Addis Ababa, Afar, Somali | O69: 2024-2027 | P69: FDPs and Host communities | Q69: MOWSA and Bureaus of Women and Social Affairs; Ministry of Youth and Sport; CSO
A70: 3.2b) 7 | B70: Systematically scaling-up proven VAC and GBV prevention models in refugee settlements and host community settings | C70: Collective intervention | D70: MACP | E70: Expand community-based social welfare workforce and youth-to-youth models in refuguee settlements and host communities to support GBV/VAC prevention, risk mitigation and response interventions. This includes: (i) community-led Social and Behavior Change Communication through community conversations toolkits; (ii) structured parent and caregiver support; (iii) adolescent girls-lead prevention intreventions to prevemt child marriage and FGM. Proven practices and models will be curated, tested and measured in 2 locations [2024-2025] and systematically scaled up in 4 additional locations [2026-2027] as well as inform strategic policy advocacy. and youth-to-youth | F70: Pillar 3: PROTECTION AND SOCIAL PROTECTION | G70: UNICEF, UNHCR | H70: 20000 | I70: 95700 | J70: 0 | K70: 0 | L70: 0 | M70: =SUM(H70:L70) -> 115700 | N70: Addis Ababa, Afar and Somali | O70: 2024-2027 | P70: Refugees | Q70: MOWCSA
A71: 3.2b) 8 | B71: Institutional strengthening for inclusive justice for children | C71: Collective intervention | D71: MACP | E71: Facilitate access to child-sensitive justice services in refugee settings/IDPs host communities by capacitating justice professionals, through partnerships with universities and relevant governmental and non-governmental institutions | F71: Pillar 3: PROTECTION AND SOCIAL PROTECTION | G71: UNICEF, UNHCR | H71: 50000 | I71: 20000 | J71: 0 | K71: 0 | L71: 0 | M71: =SUM(H71:L71) -> 70000 | N71: Addis Ababa, Afar and Somali | O71: 2024-2025 | P71: Refugees, FDPs, Host communities | Q71: VERA (Regional:Vital Events registration Agency), ICS (National: Immagration and Citizenship Service), RRS, BoH, BoE and other actors
A72: 3.2b) | B72: Generating Evidence to Inform Learning and Policy Advocacy | C72: Collective intervention | D72: MACP | E72: The proposed intervention will generate evidence and quality and elevated for policy advocacy purposes. | F72: Pillar 3: PROTECTION AND SOCIAL PROTECTION | G72: UNICEF, UNHCR | H72: 0 | I72: 0 | J72: 0 | K72: 0 | L72: 0 | M72: =SUM(H72:L72) -> 0
A73: Short-term Outcome 3.2d) PROSPECTS has provided technical or financial assistance to strengthen the asylum system, in accordance with international standards
A74: 3.2d) | B74: Strengthen the asylum system in Ethiopia | C74: Aligned intervention | D74: MACP | E74: Strengthen institutional capacity of the Refugees and Returnees Service (i) by addressing staffing needs (ii) train staff on adjudication of asylum claims and ensure asylum capacity sustainability in line with the Ethiopia's long term develoment plans (iii) supply equipment that enables all stages of the asylum system to function effectively (iv) conduct regular border monitoring to ensure that asylum seekers have access to the asylum system v This will include monitoring incidents of refoulement and expulsion. Reception centers/transit centers at the border crossing points will be streamlined with the necessary capacities for access to the asylum system. Refugee led Organizations will be provided with technical and financial support to advocate for exanded access to asylum and improved protection services. | F74: Pillar 3: PROTECTION AND SOCIAL PROTECTION | G74: UNHCR | H74: 0 | I74: =366600-34466 -> 332134 | J74: 0 | K74: 0 | L74: 0 | N74: Somali, Benishangul-Gumuz, Gambella, Addis Ababa, Tigray, Amhara, Afar regions | O74: 2024 -2027 | P74: Border Officials, Defense/Security/police forces (Federal and city), immigration officials and local authorities, RRS staff | Q74: Refugees and Returnees Service | R74: Immigration and Citizen Service, Regional governments, Ethiopian Human Rights Commission | S74: Access to rights
A75: Short-term Outcome 3.3 Refugees and HCs Who Do Not Have Access to the Community-based, Local And/or National-level Protection Services Are Provided with Complementary Partner-delivered Protection
A76: 3.3b) 1 | B76: Complementary CP Services including Best Interests Procedures (BIA and BID) | C76: Aligned intervention | D76: MACP | E76: Complementary and targeted child protection and care services will be delivered in target regions to UASC, as a precondition to learning, earning, and self-reliance. This will also be a control group to measure the effectiveness of the new way of working (cross-reference 3.2b) versus 'old ways of working’. | F76: Pillar 3: PROTECTION AND SOCIAL PROTECTION | G76: UNHCR | H76: 0 | I76: 143080 | J76: 0 | K76: 0 | L76: 0 | M76: =SUM(H76:L76) -> 143080 | N76: All refugee hosting locations | O76: 2024-2027 | P76: RRS Ministry of Women and Social Affairs | R76: Plan International, Save the Children, International Rescue Committee, Innovative Humanitarian Solutions, Jesuit Refugee Service, OWS Development Fund | S76: Access to rights
A77: 3.2b) 2 | B77: Provision of GBV response for survivors and implementation of GBV risk mitigation measures across all sectors | C77: Aligned intervention | D77: MACP | E77: Complementary intervention to 3.2b 7 that aims to improve the quality of overall GBV response and service delivery in Somali (Melkadida, Jijiga), Afar and Amhara regions. It will focus on enhancing the effectiveness of service providers through training on case management, SOP development/update process, and understanding the referral pathways. | F77: Pillar 3: PROTECTION AND SOCIAL PROTECTION | G77: UNHCR | H77: 0 | I77: 100000 | J77: 0 | K77: 0 | L77: 0 | M77: 100,000.00 | N77: Somali, Afar and Amhara | O77: 2024 -2027 | P77: GBV programme staff working under UNHCR implementing partners GBV staff working in One stop centers Women and safe houses/ shelter staff | Q77: RRS Bureau of Women and Social Affairs Ministry of Health Ministry of Justice | R77: OWS IMC DICAC | S77: Access to rights
A78: 3.3b) 3 | B78: Implementation and delivery of Complementary Pathways initiatives in Ethiopia | C78: Aligned intervention | D78: MACP | E78: Implementation and delivery of Complementary Pathways initiatives in Ethiopia through (i) staff retention (ii) strengthen UNHCR and partner capacity to provide overall coordination and oversight and capability to leverage complementary pathways opportunities for refugees in Ethiopia (iii) strengthen institutional knowledge on complementary pathways | F78: Pillar 3: PROTECTION AND SOCIAL PROTECTION | G78: UNHCR | H78: 0 | I78: 379950 | J78: 0 | K78: 0 | L78: 0 | M78: 12,210.00 | N78: All refugee hosting regions | O78: 2024-2027 | P78: Partner and UNHCR staff, refugee incentive workers | Q78: RRS | R78: Jesuit Refugee Service, Keppler, Gebeya | S78: Access to rights
A79: Short-term Outcome 3.4: FDPs and HCs Have Increased Access To (Strengthened) Community-based, Local and/or National-level Social Protection Mechanisms/Services | H79: =SUM(H80:H95) -> 2354435
A80: 3.4a) Evidence that legal frameworks and policies are inclusive for refugees in terms of Social protection | B80: Review and revise the National Social Protection Policy framework (and related policy documents) to ensure inclusion of FDPs and HCs | C80: Collective intervention | D80: MACP | E80: -This intervention seeks to review and revise Ethiopia’s National Social Protection Policy and strategy for inclusion of forcibly displaced persons (FDPs) and host communities (HCs) through dialogue and consultations. The Social Protection Policy, strategy, and programs intersect with child protection and education interventions by addressing the economic and social factors contributing to child vulnerability and deprivation. - The Youth Policy is also an important document of focus as it includes the needs and interventions for skills development among young people aged 15-24 years (cross refence 1.1 M3)., with a particular focus on FDPs and HCs in these regions - The activity envisages compiling a checklist of policy revisions and regular monitoring of its implementation. -It provides a framework for identifying and assisting children in need of protection services, ultimately working together to improve the well-being of children in the community. Collaboration with UNICEF, ILO, and the World Bank is pivotal. - The collaboration between ILO and UNICEF will be informed by a comprehensive assessment of existing social protection schemes by using Social Security Inquiry (SSI) tools in Ethiopia, including the specified regions. | F80: Pillar 3: PROTECTION AND SOCIAL PROTECTION | G80: UNICEF, ILO | H80: 280000 | I80: 0 | J80: 0 | K80: 0 | L80: 0 | M80: =SUM(H80:L80) -> 280000 | N80: National level | O80: 2024-2027 | P80: Refugees & Host Communities, focus on inclusion of young people 15-24 years | Q80: Ministry of Women and Social Affairs, RRS, BOLSA | S80: Access to basic services enhanced including through inclusion in national systems
B81: Capacity Bulding of Government Partners through assigning Technical Assistance (TA) and workforce development in FDPs and HCS. | C81: Collective intervention | D81: MACP | E81: Utilizing the PROSPECTS program as a starting point, we aim to seconded two Technical Assistances (TAs) to support RRS and MOWSA in the process of enhancing their strategies and policies. The project will support to ehnace capacity of the government through training and also improve coordination of relevant actors through national social protection platform(Council if approved) Technical Assistance plays a vital role in bridging the gap between policy development and effective implementation in FDPs and community level. It aims to equip organizations and governments with the knowledge, tools, and support needed to design and execute policies that achieve their intended outcomes, whether at the policy formulation level or during the practical implementation phase. | F81: Pillar 3: PROTECTION AND SOCIAL PROTECTION | G81: UNICEF, ILO | H81: 250000 | I81: 0 | J81: 0 | K81: 0 | L81: 0 | M81: =SUM(H81:L81) -> 250000 | N81: National, Addis Ababa, Amhara and Somali | O81: 2004-2007 | P81: refugees & Host Communities | Q81: Ministry of Women and Social Affairs, RRS, BOLSA | S81: Access to socio-economic opportunities
B82: Enhanced Public Finance Management intervention | C82: Collective intervention | D82: MACP | E82: The interventions for this area include: - Carrying out a rapid assessment of government services and public investments for FDPs and host communities - Conducting costing of some social services for covering FDPs and host communities e.g., CBHI, education, WASH, and CP services - Developing an investment case for inclusion of Forcibly Displaced Persons (FDPs) and Host Communities (HCs) - Carrying out advocacy using results from the assessments and knowledge products for enhancing public financing allocated to FDPs and HCs, especially pertaining to their inclusion in social protection policy and programme design and revisions | F82: Pillar 3: PROTECTION AND SOCIAL PROTECTION | G82: UNICEF, ILO | H82: 300000 | I82: 0 | J82: 0 | K82: 0 | L82: 0 | M82: =SUM(H82:L82) -> 300000 | N82: Amhara, Soamali, Addis Ababa | O82: 2024-2027 | P82: refugees & Host Communities | Q82: MOF, MOWSA, RRS | S82: Access to basic services
B83: Strengthened evidence of the long-term effectiveness of including refugees and host in the urban safety net | C83: Partner specific intervention | D83: MACP | E83: Continuing work done during phase 1, the WB will continue to support M&E and impact evaluation of the Refugee and Host Inclusion through the Safety Net (RHISN) sub-component of the Urban Productive Safety Nets and Jobs Project (UPSNJP), for which PROSPECTS Phase 1 continues to support baseline and short-term endline data collection. Phase 2 will support | F83: Pillar 3: PROTECTION AND SOCIAL PROTECTION | G83: WB, UNHCR | K83: 770000 | N83: Amhara, Somali, Afar, Gambella, Benishangul-Gumuz | O83: 2024-2027 | P83: Refugees and hosting communities | Q83: Ministry of Urban and Infrastructure, Ministry of Labor and Skills, RRS | S83: Access to basic services
A84: 3.4b) Number of FDPs andHCs benefiting from Social Protection Schemes | B84: Support to pilot extension of Social Health Protection coverage under CBHI in Addis Ababa | C84: Collective intervention | D84: MACP | E84: This activity builds directly on the feasibility study completed under phase 1. Partner with UNHCR/RRS and Addis Ababa Health Bureau to pilot the extension of social health protection coverage to vulnerable urban FDPs and their host communities in Addis Ababa. | F84: Pillar 3: PROTECTION AND SOCIAL PROTECTION | G84: UNICEF,ILO and UNHCR | H84: 270000 | I84: 0 | J84: 325000 | K84: 0 | L84: 0 | M84: Addis Ababa Health bureau, RRS, EHIA and woreda Heath offices | N84: National &Addis Ababa Health Bureau, RRS, EHIA and woreda Heath offices | O84: 2024-2027 | P84: Vulnerable urban refugees and host communities | Q84: Addis Ababa Health bureau, RRS, EHIA and woreda Heath offices | S84: Access to basic services | T84: SHP shall extend to refugees and selected vulnerable host communities and support the local integration of refugees into the national system
B85: Awareness and Mobilization for SHP | C85: Partner specific intervention | D85: MACP | E85: Support ILO constituents to mobilize and raise awareness among workers and employers on the social health protection entitlements and modalities | F85: Pillar 3: PROTECTION AND SOCIAL PROTECTION | G85: ILO | H85: 0 | I85: 0 | J85: 6000 | K85: 0 | L85: 0 | M85: MOLS,CETU and EEF | O85: 2024-2027 | P85: Workers and employers | Q85: MOLS,CETU and EEF | S85: Access to basic services | T85: SHP shall extend to refugees and selected vulnerable host communities and support the local integration of refugees into the national system | U85: SP
B86: Strengthen the PSNP, especially component related to social health protection and inclusiveness of non-nationals | C86: Partner specific intervention | D86: MACP | E86: Building on the assessment conducted in phase 1, the ILO will collaborate with relevant partners involved in the support to the PSNP (World Bank, UNICEF) and government actors to reinforce the national policy in terms of both social health protection and inclusiveness of non-nationals. | F86: Pillar 3: PROTECTION AND SOCIAL PROTECTION | G86: ILO and UNHCR | H86: 0 | I86: 0 | J86: 100000 | K86: 0 | L86: 0 | M86: JCC, RRS, and NDRMC | O86: 2024-2027 | P86: PSNP pilot beneficiaries', Dr. Deep intervention beneficiaries' | Q86: JCC, RRS, and NDRMC | S86: Access to basic services | T86: SHP shall extend to refugees and selected vulnerable host communities and support the local integration of refugees into the national system | U86: SP
B87: Support social protection programmes that provide assistance to FDPs and HCs | C87: Aligned intervention | D87: MACP | E87: Further extend inclusion of refugees and their host communities in the Government's Urban Productive Safety Nets Program (UPSNJP), including through cash plus programmes. Factoring in fluidity on the ground, potential support to IDP inclusion can also be explored. | F87: Pillar 3: PROTECTION AND SOCIAL PROTECTION | G87: WB, UNICEF and ILO | H87: 10000 | I87: 0 | J87: 0 | K87: 13000000 | L87: 0 | N87: Addis Ababa, Amhara, Somali, Afar, Gambella, Benishangul-Gumuz | O87: 2024-2027 | P87: Refugees and Host communities | Q87: Ministry of Urban and Infrastructure, Ministry of Labor and Skills, RRS | S87: Access to basic services
B88: Strengthen financial inclusion of FDPs to facilitate their access to services | C88: Collective intervention | D88: MACP | E88: Provide technical support of linkage of FDPs and HCs with private banks like cooperative Bank of Oromia to facilitate their access to uncollateralized loans | F88: Pillar 3: PROTECTION AND SOCIAL PROTECTION | G88: UNICEF and ILO | H88: 10000 | I88: 0 | J88: 0 | K88: 0 | L88: 0 | N88: Addis Ababa, Amhara, Somali
B89: Public Employment Programme (PEP) | C89: Partner specific intervention | D89: MACP | E89: PEPs provide employment and income stability to unemployed people and vulnerable workers in situations where market competition alone fails to generate sufficient employment opportunities. The ILO, in consultation with the Ministry of Planning and Development, will convene the relevant line ministries to sensitize and advocate for the increased use of PEPs as a complement to social protection by ensuring the provision of social protection floors that guarantee employment and income security as well as access to essential services. | F89: Pillar 3: PROTECTION AND SOCIAL PROTECTION | G89: ILO | I89: 0 | J89: 75000 | K89: 0 | L89: 0 | M89: Ministry of Planning and Development | N89: Addis Ababa | O89: 2024-2027 | P89: Government agencies | Q89: Ministry of Planning and Development | U89: SP
A90: 3.4c) Number of measures/schmes that extend access to national/local social protection benefits | B90: i) Facilitate uncollateralized loans for FDPs and host communities through a partnership with a private bank. ii) Support Cash plus social protection framework to be in place for FDPs and HCs by Integrating with education, child protection, health, nutrition, WASH in UPSNP | C90: Collective intervention | D90: MACP | E90: UNICEF's Cash Plus intervention aims to improve the well-being of both forcibly displaced persons (FDPs) and host communities (HCs) by linking them with various basic services, including WASH for education, health insurance, hygiene promotion, and youth skill training. As part of this effort, UNICEF is planning a pilot partnership with private banks in Somali and Addis Ababa to facilitate cash-plus non-collateralized loans for FDPs. This partnership is driven by the financial capabilities and expertise of private banks, which could potentially improve the efficiency of distributing loans and implementing intervention programs for both FDPs and host communities. | F90: Pillar 3: PROTECTION AND SOCIAL PROTECTION | G90: UNICEF | H90: 834435.05 | I90: 0 | J90: 0 | K90: 0 | L90: 0 | M90: =SUM(H90:L90) -> 834435.05 | N90: National,Addis Ababa, Amhara & Somali | O90: 2024-2027 | P90: refugees & Host Communities | Q90: MOF, MOWSA, RRS, BOLSA, BOW, MOH | S90: Access to basic services
B91: Support Community-Based Health Insurance (CBHI) for FDPs and Host communities in Addis Ababa and Amhara to improve healthcare access | C91: Collective intervention | D91: MACP | E91: - Conduct a joint feasibility study to evaluate options for the inclusion of FDPs into the Community-Based Health Insurance Scheme CBHIS (UNICEF, ILO, UNHCR). - Extending Community Based Health Insurance (CBHI) for forcibly displaced families and individuals is aimed at addressing the healthcare needs of about 5,000 households (approximately 25,000 individuals) mainly in Addis Ababa and Amhara, by financing their premiums in a pooled fund (if required). - Develop a referral system for FDPs and HCs to access hospitals and health service care beyond local health centers or health facilities in FDPs camps | F91: Pillar 3: PROTECTION AND SOCIAL PROTECTION | G91: UNICEF, ILO, UNHCR | H91: 350000 | I91: 0 | J91: 0 | K91: 0 | L91: 0 | M91: Addis Ababa, Amhara | N91: National,Addis Ababa, Amhara & Somali | O91: 2024-2027 | P91: refugees & Host Communities (5000HHs) | Q91: MOH, MOWSA, RRS
B92: Strengthening social health protection schemes and quality | C92: Collective intervention | D92: MACP | E92: PROSPECTS shall conduct organization and technical capacity assessment of key social health protection actors and key stakeholders from ILO traditional and non-traditional partners. The ILO shall organize and conduct capacity building and training of social health protection actors based on the diagnostic/capacity assessment. | F92: Pillar 3: PROTECTION AND SOCIAL PROTECTION | G92: ILO and UNHCR | H92: 0 | I92: 0 | J92: 100000 | K92: 0 | L92: 0 | M92: National | O92: 2024-2027 | P92: Vulnerable urban refugees and host communities | Q92: EHIA and scheme owners
B93: Support assessment of financial sustainability and recommendations and capacity building thereof to EHIA and the CBHI schemes | C93: Partner specific intervention | E93: This activity builds directly from the engagement of the project with EHIA under phase 1 and the official request received from EHIA to receive support on financial sustainability. This will be instrumental in making better recommendations for the inclusion of FDPs and HCs in CBHIs. | F93: Pillar 3: PROTECTION AND SOCIAL PROTECTION | G93: ILO | H93: 0 | I93: 0 | J93: 150000 | K93: 0 | L93: 0 | M93: National | O93: 2024-2027 | Q93: EHIA
B94: Capacity Building of Social Health Protection actors | C94: Collective intervention | D94: MACP | E94: ILO shall support and build the capacity EHIA and relevant actors in the area of actuarial analysis and provide tools and technics in defining existing and upcoming health protection schemes in line with the global and ILO standards | F94: Pillar 3: PROTECTION AND SOCIAL PROTECTION | G94: ILO and UNHCR | H94: 0 | I94: 0 | J94: 100000 | K94: 0 | L94: 0 | O94: 2024-2027 | P94: Vulnerable urban refugees and host communities | Q94: EHIA
A95: 3.4d) Number of countries with social protection programs that are genderresponsive or lead to transformative gender equality results | B95: Integrate gender-responsive into social protection system | C95: Collective intervention | D95: MACP | E95: Through provision of technical expertise, UNICEF will ensure that assessments, policy design, programming, budgeting/PFM, and targeting/eligibility criteria of benefciaries across all activities under outcome 3.4 are gender-sensitive and pay special attention to the risks, vulnerabilities, and particular exclusion factors of adolescent girls and women, women-headed households, and adolescent households. | F95: Pillar 3: PROTECTION AND SOCIAL PROTECTION | G95: UNICEF | H95: 50000 | I95: 0 | J95: 0 | K95: 0 | L95: 0 | N95: National, Addis Ababa,Amhara and Somali
A96: Short-term Outcome 3.5: FDPs and HCs Who Do Not Have Access to the Community-based, Local and/or National-level Social Protection Services Are Provided with Complementary Partner-Delivered Social Protection
A97: Pillar 4: CRITICAL INFRASTRUCTURE
A98: Mid-term Outcome 4: Improved Services, Facilities and Information Systems Essential to FDPs and HCs
A99: Short-term Outcome 4.1: Improved Access to WASH Facilities by FDPs and HCs | H99: =SUM(H100:H119) -> 3551368
A100: 4.1.1: | B100: Support the Afar regional water bureau to improve access to water supply services for Serdo refugee settlement and nearby host communities | C100: Aligned intervention | D100: MACP | E100: This process will involve conducting engineering feasibility studies, water system designs, drawings, bill of quantities and specifications. This work will be undertaken following successful ground water exploration works and environmental social screening work in the project target areas. Depending on the level of financial investments required, this project will support the Afar water bureaus with the implementation of the water supply systems in the target areas which will include source development, civil works, installation of electromechanical equipment and installation piped water network. The design of this program is therefore aimed at ensuring improved social cohesion in conflict affected areas (FDPs) and communities (HCs) through provision of improved water supply with increased efficiency, affordability and accessibility for equitable service delivery. Employment opportunities targeting the youths will also be created during the project design, implementation and during service delivery upon successful completion of the project. Youths will be employed by the design firms, contractors, water utilities and other construction businesses as a result of this project. This program will inject additional financial resources to the local markets, through engagement of local contractors, purchase of construction materials from the local markets etc which will spur economic development in the area and thus creating more employment/job creation opportunities for the youths. | F100: Pillar 4: CRITICAL INFRASTRUCTURE | G100: UNICEF | H100: =2019754+151613.95 -> 2171368 | I100: 0 | J100: 0 | K100: 0 | L100: 0 | M100: =SUM(H100:L100) -> 2171368 | N100: Afar | O100: 2024-2027 | P100: Forcefully displaced populations (FDPs) and host communities | Q100: Regional Water Bureaus | S100: Access to basic services
...

Sheet Tab 3 Policy Matrix
B2: Policy Priorities | C2: Key challenges | D2: Key milestones | E2: Key stakeholders | F2: Support through programming
A3: 1. | B3: Forcibly displaced populations obtain a legal identity through access to national identity documentation including digital IDs, civil registration including birth registration services, to facilitate their protection and the learning to earning pathway. | C3: Legislative obstacles, risk of refoulment due to lack of valid IDs, mandatory presence of both parents for birth registration, requirements for birth registration at the place of habitual residence and renewed keble ID, mandatory notification paper for registration of regugee children; restriction on moving the civil register books from the civil register offices, fees for birth certificates (for non refugees), limited demand for civil registration/Birth registration services; limited digitization and interoperability of existing digital systems; limited coordination between civil registration, and other services such as social services, health and education | D3: 1. Advocacy for removal of legal and procedural barriers for civil registration of FDP; 2. Revision of laws and policies; 3. Development of guidelines and standard operating procedures to ensure continuous registration of vital events in humanitarian contexts | E3: Immigration and Citizenship Service, Refugees and Returnees Service, National ID Program | F3: Support, review and revision of existing legal and policy framework, consultative process and advocacy for endorsement
A5: 2. | B5: Transformation of refugee camps into sustainable (urban) settlements. (2016 pledge), which will provide a pathway into inclusive national protection, educational, and employment support services. (Netherlands part of the mega pledge on economic inclusions and social protection) | C5: - Political instability and lack of political will -Bureaucratic hurdles -Limited access to resources which if inadequately allocated, can exacerbate prejudice and discrimination -Cultural differences especially in places like Alemwach where the refugee population, mostly Eritrean, does not share the same language or cultural, economic and livelihood practices and characteristics as the hosts -Limited job opportunities,lack of skills, and competition for employment. | D5: Guided by the Rural development strategy: -Guidelines and regulations that encourage the development of sustainable infrastructure, energy-efficient buildings, and environmentally friendly practices. -Adequate financing resources in the forms of grants, subsidies and low-interest loans to developers and individuals involved in sustainable settlement projects. -Government investment in infrastructure systems such as roads, water supply systems and waste management facilities in the settlements. -Government investment in training and capacity-building programmes for individuals involved in sustainable settlement projects, including technical training on sustainable construction practices, renewable energy systems, and waste management techniques. -Collaboration with international organisations, non-governmental organisations (NGOs), and other stakeholders would leverage their expertise and resources in supporting sustainable settlement projects | E5: Ministry of Urban Development and Infrastructure, Refugees and Returnees Agency (RRS) | F5: Implementation of the Sustainable Settlement and Shelter Refugee Response Roadmap - Developing resources for regional bureaus providing critical services to refugees. - Revisiting the directives on freedom of movement, access to justice, and right to work in light of MoU on Kebrebeyah, Alemwach, Bokh. -critical infrastructure improvements to support transition of services in WASH, housing, and digital connectivity. -Inclusion in social protection systems and facilitating linkages/evidence on operationalizing right to work
A7: 3. | B7: Strengthening inclusive child protection systems at all levels that cater to the needs of all children in Ethioipia inclduing refugee, asylum seekers and stateless children and host community children Implementation of inclusive national child protection, GBV and justice systems | C7: 1. Reluctance to provide case management services to the refugees, aylum seekers and stateless children through national case management system | D7: 1. Review and revision of the National Child Protection Case Management Framework to identify and address gaps through the case management technical working group | E7: Ministry of Women and Social Affairs, Refugee and Returnee Service | F7: 1. Suport review and revision of the of the Case Managment Framework through the National Case Management Techncial Working Group and revision of the case managemnet training package and providing training for the workforce
C8: 2. Lack of adeqaute skilled workforce for child protection and GBV, amongst other, for very low budget allocation for GBV and child protection in the federal and regional budgets | D8: 2. Advocacy for strengthening social service workforce based on the findings of the recently concluded social service workforce mapping and assessment conducted by the Ministry of Women and Social Affairs and supported by UNICEF including advocay for pubkic finance for child protection | E8: Ministry of Women and Social Affairs | F8: 2. Support advocacy strengthening social service workforce, including their capacity building throiugh institutionalized training
C9: 3. | D9: 3. Revision Alternative Childcare Directive to include refugee, asylum seekers and stateless children | E9: Ministry of Women and Social Affairs, Refugee and Returnee Service | F9: 3. Support consultatuve process and advocacy for endorsement and roll out of the Alternative Childcare Directives

Sheet Policy matrix - Pillar 3 
A2: Policy Priorities | B2: Key challenges | C2: Key milestones | D2: Key stakeholders | E2: Support through programming
A3: Revision of National Social Protection Policy to improve inclusion of FDPs and Host communities | B3: 1) Resistance from existing stakeholders or reluctance to adapt to the inclusion of FDPs and HCs. | C3: 1) Gain approval for the revised policy framework; | D3: Ministry of Women and Social Affairs, Refugee and Returnee Service, Minstry of Finance | E3: 1) Conduct policy advocacy workshops and consultations.
B4: 2) Legal and regulatory obstacles to amend the existing policy framework. | C4: 2)Develop clear guidline for the inclusion of FDPs and HCs; | E4: 2) Provide technical expertise in policy drafting.
B5: 3) Challenges gathering accurate data and analysis on FDPs and HCs to inform policy revisions. | C5: 3)Secure allocation of a buget for revised policy implementation | E5: 3) Advocate for policy revison through awareness campaigns.
A7: Transformation of refugee camps into sustainable (urban) settlements (2016 pledge), which will provide a pathway into inclusive national protection, educational and employment support services. (Netherlands part of the mega pledge on economic inclusions and social protection.) | B7: Transforming refugee camps into sustainable settlements is a complex process that requires government and other stakeholder support. Political instability, lack of political will, and bureaucratic hurdles can hinder implementation. The process requires planning and coordination, especially in relation to infrastructure development such as housing, schools, healthcare facilities and transport systems. In a context where access to resources is limited and if inadequately allocated, can exacerbate prejudice and discrimination. Transforming camps into urban settlements requires addressing cultural differences and promoting social integration. The case of Alemwach merits attention, as the refugee population, mostly Eritrean, does not share the same language or cultural, economic and livelihood practices and characteristics as the hosts which serve as barriers to promoting inclusion. Furthermore, limited job opportunities, lack of skills, and competition for employment can hinder the successful transformation of camps into urban settlements. | C7: The policy should define its financing sources in the forms of grants, subsidies and low-interest loans to developers and individuals involved in sustainable settlement projects. It is paramount for the government to invest in infrastructure systems such as roads, water supply systems and waste management facilities in the settlements to create a conducive environment for sustainable living. The government should provide training and capacity-building programmes for individuals involved in sustainable settlement projects, including technical training on sustainable construction practices, renewable energy systems, and waste management techniques. Collaboration with international organisations, non-governmental organisations (NGOs), and other stakeholders would leverage their expertise and resources in supporting sustainable settlement projects. | E7: Develop resources for regional bureaus providing critical services to refugees. Improve critical infrastructure improve services in WASH, housing, and digital connectivity. Implement the Sustainable Settlement and Shelter Refugee Response Roadmap 2022–2027. Revisit the directives on freedom of movement, access to justice, and right to work considering the MoU on Kebrebeyah Alemwach, Bokh, etc.

Sheet Tab3b Policy Progress
A1: POLICY INFORMATION | F1: ASESSMENT | M1: CONTRIBUTION TO POLICY DEVELOPMENT | U1: Country Team Feedback on Policy Priorities | V1: Country Team Feedback on Milestones
A2: PILLAR | B2: RIGHT | C2: POLICY PRIORITIES (UNICEF Led) | D2: POLICY MILESTONES | E2: Link to Results Framework indicators | F2: Assessment (2024) | G2: Assessment (2025) | H2: Asessesment (2026) | I2: Asessesment (2027) | J2: Description of relevant contribution made | K2: Sources of Verification | L2: Phase II progress | M2: 1. Needs and evidence | N2: 2. Commitments | O2: 3. Policy adoption/prevention | P2: 4. Resourcing | Q2: 5. Implementation | R2: 6. Coverage and use | S2: 7. Monitoring and Evaluation | U2: Indicate below 1) whether the policy priority is UNICEF lead (Yes/No); if it is No UNICEF led, indicate what partner leads the policy priority; if it is led by UNICEF, indicate whether there is any milestone left out (not included in column D) | V2: Indicate below for each milestone whether 1) UNICEF leads (Yes/No), if it is No UNICEF led, indicate what partner leads the milestone; 2) if it is led by UNICEF, indicate what other partners contribute to the milestone (or say none if this is the case)
A3: PROTECTION | B3: Access to national protection & case management | C3: 3. Strengthening inclusive child protection systems at all levels that cater to the needs of all children in Ethioipia inclduing refugee, asylum seekers and stateless children and host community children Implementation of inclusive national child protection, GBV and justice systems | D3: 3.1 Review and revision of the National Child Protection Case Management Framework to identify and address gaps through the case management technical working group | E3: 3.1a) Evidence on how PROSPECTS has contributed to a change in legal frameworks, policies and asylum system related to protection and durable solutions for refugees in line with international legal standards ​​ | F3: 1=No contribution to target | G3: 2=Initiated contribution to target | H3: 3=Approaches milestone target | I3: 4=Achieved milestone target | N3: X | O3: X
D4: 3.2 Advocacy for strengthening social service workforce based on the findings of the recently concluded social service workforce mapping and assessment conducted by the Ministry of Women and Social Affairs and supported by UNICEF including advocay for pubkic finance for child protection | F4: 3=Approaches milestone target | G4: 3=Approaches milestone target | N4: X | O4: X
D5: 3.3 Revision Alternative Childcare Directive to include refugee, asylum seekers and stateless children | N5: X | O5: X
A6: SOCIAL PROTECTION | B6: Inclusion of Refugee & FDP in National Social Protection Systems | C6: 4. Revision of National Social Protection Policy to improve inclusion of FDPs and Host communities | D6: 4.1 Gain approval for the revised policy framework | E6: 3.1b) Evidence on how PROSPECTS has contributed to a change in legal frameworks, policies and asylum system related to inclusive social protection for refugees and HCs, based on security standards and principles​​ | O6: X
D7: 4.2 Develop clear guideline for the inclusion of FDPs and HCs | Q7: X
D8: 4.3 Secure allocation of a buget for revised policy implementation | P8: X

Sheet Graphs
B1: FORMULA | F1: DATA
A2: Milestones | B2: 2024 | C2: 2025 | D2: 2026 | E2: 2027 | F2: 2024 | G2: 2025 | H2: 2026 | I2: 2027
A3: 3.1 Review and revision of the National Child Protection Case Management Framework to identify and address gaps through the case management technical working group | B3: =IF('Tab3b Policy Progress'!F3="1=No contribution to target ",1,IF('Tab3b Policy Progress'!F3="2=Initiated contribution to target",2,IF('Tab3b Policy Progress'!F3="3=Approaches milestone target",3,IF('Tab3b Policy Progress'!F3="4=Achieved milestone target",4,"")))) -> 1 | C3: =IF('Tab3b Policy Progress'!G3="1=No contribution to target ",1,IF('Tab3b Policy Progress'!G3="2=Initiated contribution to target",2,IF('Tab3b Policy Progress'!G3="3=Approaches milestone target",3,IF('Tab3b Policy Progress'!G3="4=Achieved milestone target",4,"")))) -> 2 | D3: =IF('Tab3b Policy Progress'!H3="1=No contribution to target ",1,IF('Tab3b Policy Progress'!H3="2=Initiated contribution to target",2,IF('Tab3b Policy Progress'!H3="3=Approaches milestone target",3,IF('Tab3b Policy Progress'!H3="4=Achieved milestone target",4,"")))) -> 3 | E3: =IF('Tab3b Policy Progress'!I3="1=No contribution to target ",1,IF('Tab3b Policy Progress'!I3="2=Initiated contribution to target",2,IF('Tab3b Policy Progress'!I3="3=Approaches milestone target",3,IF('Tab3b Policy Progress'!I3="4=Achieved milestone target",4,"")))) -> 4 | F3: =B3 -> 1 | G3: =C3 -> 2 | H3: =D3 -> 3 | I3: =E3 -> 4
A4: 3.2 Advocacy for strengthening social service workforce based on the findings of the recently concluded social service workforce mapping and assessment conducted by the Ministry of Women and Social Affairs and supported by UNICEF including advocay for pubkic finance for child protection | B4: =IF('Tab3b Policy Progress'!F4="1=No contribution to target ",1,IF('Tab3b Policy Progress'!F4="2=Initiated contribution to target",2,IF('Tab3b Policy Progress'!F4="3=Approaches milestone target",3,IF('Tab3b Policy Progress'!F4="4=Achieved milestone target",4,"")))) -> 3 | C4: =IF('Tab3b Policy Progress'!G4="1=No contribution to target ",1,IF('Tab3b Policy Progress'!G4="2=Initiated contribution to target",2,IF('Tab3b Policy Progress'!G4="3=Approaches milestone target",3,IF('Tab3b Policy Progress'!G4="4=Achieved milestone target",4,"")))) -> 3 | D4: =IF('Tab3b Policy Progress'!H4="1=No contribution to target ",1,IF('Tab3b Policy Progress'!H4="2=Initiated contribution to target",2,IF('Tab3b Policy Progress'!H4="3=Approaches milestone target",3,IF('Tab3b Policy Progress'!H4="4=Achieved milestone target",4,"")))) | E4: =IF('Tab3b Policy Progress'!I4="1=No contribution to target ",1,IF('Tab3b Policy Progress'!I4="2=Initiated contribution to target",2,IF('Tab3b Policy Progress'!I4="3=Approaches milestone target",3,IF('Tab3b Policy Progress'!I4="4=Achieved milestone target",4,"")))) | F4: =B4 -> 3 | G4: =C4 -> 3 | H4: =D4 | I4: =E4
A5: 3.3 Revision Alternative Childcare Directive to include refugee, asylum seekers and stateless children | B5: =IF('Tab3b Policy Progress'!F5="1=No contribution to target ",1,IF('Tab3b Policy Progress'!F5="2=Initiated contribution to target",2,IF('Tab3b Policy Progress'!F5="3=Approaches milestone target",3,IF('Tab3b Policy Progress'!F5="4=Achieved milestone target",4,"")))) | C5: =IF('Tab3b Policy Progress'!G5="1=No contribution to target ",1,IF('Tab3b Policy Progress'!G5="2=Initiated contribution to target",2,IF('Tab3b Policy Progress'!G5="3=Approaches milestone target",3,IF('Tab3b Policy Progress'!G5="4=Achieved milestone target",4,"")))) | D5: =IF('Tab3b Policy Progress'!H5="1=No contribution to target ",1,IF('Tab3b Policy Progress'!H5="2=Initiated contribution to target",2,IF('Tab3b Policy Progress'!H5="3=Approaches milestone target",3,IF('Tab3b Policy Progress'!H5="4=Achieved milestone target",4,"")))) | E5: =IF('Tab3b Policy Progress'!I5="1=No contribution to target ",1,IF('Tab3b Policy Progress'!I5="2=Initiated contribution to target",2,IF('Tab3b Policy Progress'!I5="3=Approaches milestone target",3,IF('Tab3b Policy Progress'!I5="4=Achieved milestone target",4,"")))) | F5: =B5 | G5: =C5 | H5: =D5 | I5: =E5
A6: 4.1 Gain approval for the revised policy framework; | B6: =IF('Tab3b Policy Progress'!F6="1=No contribution to target ",1,IF('Tab3b Policy Progress'!F6="2=Initiated contribution to target",2,IF('Tab3b Policy Progress'!F6="3=Approaches milestone target",3,IF('Tab3b Policy Progress'!F6="4=Achieved milestone target",4,"")))) | C6: =IF('Tab3b Policy Progress'!G6="1=No contribution to target ",1,IF('Tab3b Policy Progress'!G6="2=Initiated contribution to target",2,IF('Tab3b Policy Progress'!G6="3=Approaches milestone target",3,IF('Tab3b Policy Progress'!G6="4=Achieved milestone target",4,"")))) | D6: =IF('Tab3b Policy Progress'!H6="1=No contribution to target ",1,IF('Tab3b Policy Progress'!H6="2=Initiated contribution to target",2,IF('Tab3b Policy Progress'!H6="3=Approaches milestone target",3,IF('Tab3b Policy Progress'!H6="4=Achieved milestone target",4,"")))) | E6: =IF('Tab3b Policy Progress'!I6="1=No contribution to target ",1,IF('Tab3b Policy Progress'!I6="2=Initiated contribution to target",2,IF('Tab3b Policy Progress'!I6="3=Approaches milestone target",3,IF('Tab3b Policy Progress'!I6="4=Achieved milestone target",4,"")))) | F6: =B6 | G6: =C6 | H6: =D6 | I6: =E6
A7: 4.2 Develop clear guidline for the inclusion of FDPs and HCs; | B7: =IF('Tab3b Policy Progress'!F7="1=No contribution to target ",1,IF('Tab3b Policy Progress'!F7="2=Initiated contribution to target",2,IF('Tab3b Policy Progress'!F7="3=Approaches milestone target",3,IF('Tab3b Policy Progress'!F7="4=Achieved milestone target",4,"")))) | C7: =IF('Tab3b Policy Progress'!G7="1=No contribution to target ",1,IF('Tab3b Policy Progress'!G7="2=Initiated contribution to target",2,IF('Tab3b Policy Progress'!G7="3=Approaches milestone target",3,IF('Tab3b Policy Progress'!G7="4=Achieved milestone target",4,"")))) | D7: =IF('Tab3b Policy Progress'!H7="1=No contribution to target ",1,IF('Tab3b Policy Progress'!H7="2=Initiated contribution to target",2,IF('Tab3b Policy Progress'!H7="3=Approaches milestone target",3,IF('Tab3b Policy Progress'!H7="4=Achieved milestone target",4,"")))) | E7: =IF('Tab3b Policy Progress'!I7="1=No contribution to target ",1,IF('Tab3b Policy Progress'!I7="2=Initiated contribution to target",2,IF('Tab3b Policy Progress'!I7="3=Approaches milestone target",3,IF('Tab3b Policy Progress'!I7="4=Achieved milestone target",4,"")))) | F7: =B7 | G7: =C7 | H7: =D7 | I7: =E7
A8: 4.3 Secure allocation of a buget for revised policy implementation | B8: =IF('Tab3b Policy Progress'!F8="1=No contribution to target ",1,IF('Tab3b Policy Progress'!F8="2=Initiated contribution to target",2,IF('Tab3b Policy Progress'!F8="3=Approaches milestone target",3,IF('Tab3b Policy Progress'!F8="4=Achieved milestone target",4,"")))) | C8: =IF('Tab3b Policy Progress'!G8="1=No contribution to target ",1,IF('Tab3b Policy Progress'!G8="2=Initiated contribution to target",2,IF('Tab3b Policy Progress'!G8="3=Approaches milestone target",3,IF('Tab3b Policy Progress'!G8="4=Achieved milestone target",4,"")))) | D8: =IF('Tab3b Policy Progress'!H8="1=No contribution to target ",1,IF('Tab3b Policy Progress'!H8="2=Initiated contribution to target",2,IF('Tab3b Policy Progress'!H8="3=Approaches milestone target",3,IF('Tab3b Policy Progress'!H8="4=Achieved milestone target",4,"")))) | E8: =IF('Tab3b Policy Progress'!I8="1=No contribution to target ",1,IF('Tab3b Policy Progress'!I8="2=Initiated contribution to target",2,IF('Tab3b Policy Progress'!I8="3=Approaches milestone target",3,IF('Tab3b Policy Progress'!I8="4=Achieved milestone target",4,"")))) | F8: =B8 | G8: =C8 | H8: =D8 | I8: =E8

Sheet Tab 4 Risk Assessment
B2: 1. Contextual Risks
B3: Risks | C3: Impact on results | D3: Likelihood | E3: Mitigation measures | F3: Responsible partner to monitor and update risk assessment
B4: Political
B5: Political instability and conflict could undermine the efforts to promote inclusion and equity in the social protection policy and strategy framework | C5: High | D5: Average | E5: Organize inclusive dialogue can lead to a shared understanding of policy objectives, thereby reducing the problems caused by political instability. | F5: UNICEF, UNHCR,, ILO
B6: Policy Review risks: Resistance from stakeholders in government (RRS, MOWSA, Cabinet) or other relevant groups to the integration of refugees and returns into policy may delay and resist policy revision if have been proposed | C6: High | D6: Likely | E6: • Engage in discussions with pertinent government ministries, departments, agencies, and other stakeholders to coordinate UNICEF, UNHCR program activities. This involves active collaboration with government entities such as Refugee and Returnee Services, MOWSA, NGOs, private sector actors, and UN agencies. • Conduct capacity-building initiatives for government officials and service providers to strengthen their understanding of the specific needs and rights of refugees and returnees. • Focus on evidence-based advocacy and data-driven approaches. | F6: UNICEF, UNHCR, World Bank, ILO
B7: Economic
B8: Inadequate funding due to limited fiscal space/capacity and funding from development partners, hindering the government's ability to support social protection programs for FDPS and host communities. | C8: Average | D8: Likely | E8: Advocate for More Funding: Engage in advocacy to pursude the the government to allocate a larger budget for social protection, emphasizing its long-term stability and economic benefits. Diversify Funding: Secure funds from diverse sources, including international donors, partners, and private sector collaborations. | F8: UNICEF, UNHCR, World Bank, ILO
B9: Inadequate funding to support the government with comprehensive infrastructural improvement in the targeted areas due to high costs involved when establishing critical infrastructures like water supply systems amid low funding from development partners and government, hindering the government's ability to support the all the critical infrastructure programs for FDPS and host communities. | C9: High | D9: Likely | E9: Advocate for More Funding: Engage in advocacy to persuade the the government and other development donors to allocate more funding towards sustainable infrastructure improvement in the targeted regions | F9: UNICEF, UNHCR, IFC, World Bank, ILO
B10: Social
B11: Delayed resumption of registration and documentation activities due to lack of (qualified) human resources which impacts access to asylum. | C11: High | D11: Likely | E11: Continued advocacy with RRS on resumption of registration and documentation activities. Capacity strengthening to RRS through on-job in person tranings and refresher sessions. | F11: UNHCR, RRS
B12: Delayed inclusion of refugees and asylum-seekers in the national digital identity system due to the lack of dedicated human resources within UNHCR and RRS hindering efficient & timely achievement of inclusion objectives. | C12: Average | D12: Average | E12: Assigning available UNHCR and RRS staff and resources as needed for the required functions. | F12: UNHCR, RRS
B13: Data Protection (data quality and accuracy, confidentiality, data security, data subjects rights) for registration and documentation activities as well as the NIDP project. | C13: Average | D13: Unlikely | E13: Periodic review or assessment of compliance with the Data Protection Policy. Developing procedures to ensure that data is accurate and up-to-date. Technical assistance on data security to RRS and NIDP. Informing PoCs about their rights to information about their data. | F13: UNHCR, RRS, NIDP
B16: 2. Programmatic Risks
B17: Risks | C17: Impact on results | D17: Likelihood | E17: Mitigation measures | F17: Responsible partner to monitor and update risk assessment
B18: Lack of institutional clarity and coordination between agencies and govt sectors to implement the program | C18: High | D18: Likely | E18: Define Roles and Responsibilities: Clearly outline the roles of agencies, government sectors, donors, and partners to avoid duplication of efforts and overlaps. For this, develop agreements specifying responsibilities, timelines, and expectations. Assign a Coordinator or designated person to oversee implementation and coordination. | F18: UNICEF, World Bank, ILO, UNHCR
B19: Challenges in implementation arise due to capacity limitations. Government implementers lack the necessary resources and skills to effectively carry out and expand the program. | C19: High | D19: Likely | E19: Strengthen Skills and capacity: Train government staff for better program implementation. Seek external technical assistance and expertise through partnerships. Establish a coordinating entity, (task force, steering committees, etc.) | F19: UNICEF, World Bank, UNHCR
B20: Challenges in operationalizing federal-level case management commitments at the regional level (limited capacities; high rotation of government staff) which can undermine sustainability of investment and long term local capacities | C20: High | D20: Likely | E20: Adapt/reinforce capacity building to the context Engagement with the Government counterpart in retention of trained social workforce | F20: UNICEF, UNHCR
B21: Challenge on the inclusion of refugee children in the CPIMS+ National system under the lead of the Ministry of Women and Social Affairs (MOWSA) | C21: High | D21: Average | E21: Advocacy and coordination with MOWSA and RRS | F21: UNICEF, UNHCR, ILO
B22: External circumstances drive greater refugee inflows | C22: Average | D22: Average | E22: Monitoring of potential events that may impact the implementation of the project | F22: All
B23: Children and adolescents interacting with the programme exposed to protection risks | C23: High | D23: Average | E23: Set up and ensure compliance to Child safeguarding UNICEF to share CSG Guidance and measures integrated into programmatic interventions | F23: All; with UNICEF as lead to ensure safeguarding throughout the pillars
B24: Challenges in implementation arise due to capacity limitations. Government implementers lack the necessary resources and skills to effectively carry out and expand the program. | C24: Average | D24: Likely | E24: Strengthen Skills and capacity: Train government staff for better program implementation. Seek external technical assistance and expertise through partnerships. Establish a coordinating entity, (task force, steering committees, etc) | F24: UNICEF, World Bank, ILO, UNHCR
B25: Mixed approaches used in implementation of the program by differect stakeholders sometimes contradicting the theme of the program and which further cause confusion to the government partners and counterparts | C25: Average | D25: Likely | E25: Conduct joint project planning, joint project monitoring and review meetings to share knowledge and experiences with stakeholders involved in the project. Establish a coordinating entity, (task force, steering committees, etc) | F25: UNICEF, IFC, World Bank, ILO, UNHCR

Sheet Tab 5 Multi-annual targets 
B2: INDICATORS | C2: Partners | D2: Cumulative Target per partner (2024-2027) | E2: NOTES and Explanations
B3: PILLAR 1: EDUCATION AND LEARNING
B4: Mid-term Outcome 1: Increased Access of FDPs And HCs To Quality Education, Skills and Learning Opportunities
B5: 1a) Number of FDPs/HCs who completed their primary or secondary education program (formal and non-formal) | C5: TOTAL | D5: =SUM(D6:D10) -> 70000
C6: WB | D6: 0
C7: UNICEF | D7: 20000
C8: UNHCR | D8: 50000
C9: ILO
B11: 1b) Number of FDPs/HCs who completed a professional, technical or vocational education and/or training program or another non-formal skills training | C11: TOTAL | D11: =SUM(D12:D16) -> 22400
C12: WB | D12: 0
C13: UNICEF | D13: 20000
C14: UNHCR | D14: 600
C15: ILO | D15: 1800
B17: 1c) Evidence on how PROSPECTS has contributed to a change in legal frameworks, policies and asylum system related to access for refugees to education and training systems | C17: No target needed
B18: 1d) Evidence that PROSPECTS contributed to institutional capacity strengthening in relation to inclusion in education and trainings for FDPs and HCs | C18: No target needed
B19: 1d) Evidence that PROSPECTS contributed to institutional capacity strengthening in relation to inclusion in education and trainings for FDPs and HCs
B20: 1.1a) Number of education and training institutions receiving technical assistance or capacity building | C20: TOTAL | D20: =SUM(D21:D25) -> 318
C21: WB
C22: UNICEF | D22: 250
C23: UNHCR | D23: 60
C24: ILO | D24: 8
B26: 1.1b) Number of teachers/ facilitators/ TVET trainers completing professional development trainings | C26: TOTAL | D26: =SUM(D27:D31) -> 1220
C27: WB
C28: UNICEF | D28: 1000
C29: UNHCR
C30: ILO | D30: 220
B32: 1.1c) Number of educational skills training curricula and programs (online & offline), improved/ updated/ developed (with formal and non-formal educational and skills training systems) | C32: TOTAL | D32: =SUM(D33:D37) -> 17
C33: WB
C34: UNICEF | D34: 3
C35: UNHCR
C36: ILO | D36: 14
B38: Short-term Outcome 1.2: More FDPs And HCs Enrolled and Retained in Formal and Non-Formal Education At (Pre-) Primary and Secondary Levels
B39: 1.2a) Number of new FDPs/HCs enrolled in pre-primary/primary/secondary education (formal and non-formal) | C39: TOTAL | D39: =SUM(D40:D44) -> 150000
C40: WB
C41: UNICEF
C42: UNHCR | D42: 150000
C43: ILO | D43: 0
B45: 1.2b) Number of FDPs/HCs retained in Primary/Secondary Education Program, Including Acceleration Education Programs and Early Childhood Education | C45: TOTAL | D45: =SUM(D46:D50) -> 15000
C46: WB
C47: UNICEF | D47: 15000
C48: UNHCR
C49: ILO | D49: 0
B51: 1.2c) Number of FDPs/HCs provided with in-kind or financial support (including cash for education) to attend educational programs | C51: TOTAL | D51: =SUM(D52:D56) -> 400
C52: WB
C53: UNICEF | D53: 0
C54: UNHCR | D54: 400
C55: ILO | D55: 0
B57: PROSPECTS contribution to GCR indicator 2.2.1 – Proportion of refugee children enrolled in the national education system (primary and secondary) | C57: No target needed
B58: Short-term Outcome 1.3: More FDPs and HCs Access Occupational Relevant Skills and Skills Recognition for Transition to Work
B59: 1.3a) Number of FDPs/HCs who enrolled in professional, technical or vocational education and/or formal/informal skills training program | C59: TOTAL | D59: =SUM(D60:D64) -> 4510
C60: WB
C61: UNICEF | D61: 1860
C62: UNHCR | D62: 750
C63: ILO | D63: 1900
B65: 1.3b) Number of FDPs/HCs accessing apprenticeships, internships, fellowships, on-the-job training and work-based learning opportunities and other transition pathways to employability | C65: TOTAL | D65: =SUM(D66:D70) -> 1508
C66: WB
C67: UNICEF | D67: 8
C68: UNHCR | D68: 600
C69: ILO | D69: 900
B71: 1.3c) Number of FDPs/HCs’ skills and qualifications recognized (RPL, credential evaluation, micro-credentialing, certification etc.) | C71: TOTAL | D71: =SUM(D72:D76) -> 1100
C72: WB
C73: UNICEF | D73: 0
C74: UNHCR | D74: 600
C75: ILO | D75: 500
B77: PILLAR 2: EMPLOYMENT WITH DIGNITY
B78: Mid-term Outcome 2: Improved Livelihoods and Expanded Economic Opportunities for FDPs and HCs
B79: 2a) Number of new wage employment and/or self-employment (business) opportunities supported by PROSPECTS
B85: 2b) Number of FDPs/HC members already employed or self-employed who have either increased their income, enhanced their working conditions or maintained resilient livelihoods
B91: 2c) Number of Government institutions, BDS providers, financial institutions, input providers and/or cooperatives that have introduced new services or scaled their service offer for FDPs and HCs
B96: 2d) Evidence that legal frameworks and policies are inclusive for refugees in terms of access to labor market and formality
B100: GCR indicator 2.1.1 - Proportion of refugees who have access to decent work by law
B105: Short-term Outcome 2.1: Improved Labour Market Governance Supporting Transition to and Entry into Employment and Formalization
B106: 2.1a) Number of job seekers using employment services
B113: 2.1b) Number of FDPs/HCs who have been issued work permits and/or business registrations (or other relevant operating licenses) with support from prospects
B120: 2.1c) Number of FDPs/HCs completing career counselling, JSC, life skills & employability trainings and/or other short-term trainings & support services
B124: Short-term Outcome 2.2: Increased Private Sector or Public Investment and Enhanced Business Environment for Creating Economic Opportunities for FDPs and HCs
... B334: Mid-term Outcome 2: Improved livelihoods and expanded economic opportunities for FDPs and HCs, through access to entrepreneurship and employment with dignity
B335: 2a) Number of new wage employment and/or self-employment (business) opportunities supported by PROSPECTS | C335: TOTAL | D335: =SUM(D336:D340) -> 14100
C336: WB
C337: UNICEF
C338: UNHCR | D338: 10000
C339: ILO | D339: 4100
B341: 2b) Number of FDPs/HC members already employed or self-employed who have either increased their income, enhanced their working conditions or maintained resilient livelihoods | C341: TOTAL | D341: =SUM(D342:D346) -> 5343
C342: WB
C343: UNICEF
C344: UNHCR | D344: 3983
C345: ILO | D345: 1360
C346: IFC | D346: TBC
B347: 2c) Number of Government institutions, BDS providers, financial institutions, input providers and/or cooperatives that have introduced new services or scaled their service offer for FDPs and HCs | C347: TOTAL | D347: =SUM(D348:D352) -> 30
C348: WB
C349: UNICEF
C350: UNHCR | D350: 0
C351: ILO | D351: 30
B353: 2d) Evidence on how PROSPECTS has contributed to a change in legal frameworks, policies and asylum system related to inclusion of refugees in the labor market and formality | C353: No target needed
B354: 2e) Evidence that PROSPECTS contributed to institutional capacity strengthening in relation to inclusion of FDPs and HCs in the labour market and to improved labour rights | C354: No target needed
B355: PROSPECTS contribution to GCR indicator 2.1.1 – Proportion of refugees who have access to decent work by law | C355: No target needed
B356: Short-term Outcome 2.1: Improved Labour Market Governance Supporting Transition to and Entry into Employment and Formalization
B357: 2.1a) Number of FDPs/HCs who have been issued work permits and/or business registrations (or other relevant operating licenses) with support from prospects | C357: TOTAL | D357: =SUM(D358:D362) -> 0
C358: WB
C359: UNICEF
...

Sheet Lists
B3: Collective intervention | D3: Access to rights | H3: WB | I3: MACP | K3: Pillar 1: EDUCATION AND LEARNING
B4: Aligned intervention | D4: Access to basic services | H4: ILO | I4: OF | K4: Pillar 2: ECONOMIC INCLUSION
B5: Partner specific intervention | D5: Access to socio-economic opportunities | H5: UNHCR | K5: Pillar 3: PROTECTION AND SOCIAL PROTECTION
H6: IFC | K6: Pillar 4: CRITICAL INFRASTRUCTURE
H7: UNICEF
B10: Ahead of schedule
B11: On track
B12: Constrained
B15: Highly likely | D15: High
B16: Likely | D16: Average
B17: Average | D17: Low
B18: Unlikely
B19: Highly unlikely
B23: Self assessment | C23: Protection | D23: Social protection | E23: Education
B24: 1=No contribution to target | C24: Level 1: System Building | D24: 1)Absent | E24: 1) Weak
B25: 2=Initiated contribution to target | C25: Level 2: System Enhancement | D25: 2) Weak | E25: 2) Initiating
B26: 3=Approaches milestone target | C26: Level 3: System Integration | D26: 3) Moderate | E26: 3) Established
B27: 4=Achieved milestone target | C27: Level 4: System Maturity | D27: 4) Strong | E27: 4) Championing

Sheet Symbols
E4: Meets target (2024) | K4: Meets target (2025)
E7: Approaches target (2024) | K7: Approaches target (2025)
E10: Initiated (2024) | K10: Initiated (2025)
E13: Not initiated (2024) | K13: Not initiated (2025)
Q16: 0.25 | R16: 0.5 | S16: 0.75 | T16: 1
Q17: 0.75 | R17: 0.5 | S17: 0.25 | T17: 0
Q18: 2024
Q24: Not initated | R24: Initiated | S24: Approaches | T24: Meets target
Q27: 2025
Q33: Not initated | R33: Initiated | S33: Approaches | T33: Meets target
